 Dungeon Crawl Stone Soup version 0.26.1-11-gd32895ea62 (webtiles) character file.

Game seed: 6358482680201564943

10600476 Zeebu the Invulnerable (level 27, 218/218 HPs)
             Began as a Gargoyle Fighter on May 8, 2021.
             Was the Champion of the Shining One.
             Escaped with the Orb
             ... and 15 runes on May 11, 2021!
             The game lasted 15:55:31 (163558 turns).

Zeebu the Invulnerable (Gargoyle Fighter)         Turns: 163558, Time: 15:55:31

Health: 218/218    AC: 75    Str: 33    XL:     27
Magic:  40/40      EV: 29    Int: 15    God:    the Shining One [******]
Gold:   17517      SH: 42    Dex: 21    Spells: 19/46 levels left

rFire    + + +     SeeInvis .   N - +12 broad axe of Beogh's Fury {speed, rN++}
rCold    + + +     Faith    .   U - +8 tower shield {AC+3}
rNeg     + + +     Spirit   .   v - +9 scales of the Dragon King {rPois rF+ rC+ Will+}
rPois    ∞         Reflect  +   P - +1 helmet "Xagukux" {rN+ Dex+4}
rElec    +         Harm     .   K - +2 cloak {Will+}
rCorr    +         Rampage  .   m - +0 pair of gloves "Dadatil" {+Inv rC+ rN+}
Will     +++++                  L - +2 pair of boots of the Blue Gastropod {Str+2 Int+4}
Stlth    ..........             b - amulet of Uneteon {Reflect Slay+3 SH+5}
HPRegen  0.46/turn              o - ring of Untruth {rF+ rCorr Dex+8}
MPRegen  0.27/turn              h - ring "Tuepn" {+Blink rPois rF+ rC+ Will+}

@: flying, glowing
A: big wings, talons 1, repulsion field 1, molten scales 1, blink, negative
energy resistance 1, robust 1, electricity resistance, unbreathing,
petrification resistance, miasma immunity, AC +20
0: Orb of Zot
}: 15/15 runes: barnacled, slimy, silver, golden, iron, obsidian, icy, bone,
abyssal, demonic, glowing, magical, fiery, dark, gossamer
a: Stop Flying, Blink, Renounce Religion, Evoke Blink, Evoke Invisibility,
Divine Shield, Cleansing Flame, Summon Divine Warrior


You escaped.
You worshipped the Shining One.
The Shining One was exalted by your worship.
You visited 18 branches of the dungeon, and saw 90 of its levels.
You visited Pandemonium 2 times, and saw 21 of its levels.
You visited the Abyss 3 times.
You completed 1 ziggurat, and saw 27 of its levels.
You also visited: Trove, Gauntlet and Volcano.

You collected 21652 gold pieces.
You spent 4135 gold pieces at shops.

Inventory:

Hand Weapons
 t - a +9 sacred scourge of holy wrath
 J - a +9 trishula of holy wrath
 N - the +12 broad axe of Beogh's Fury (weapon) {speed, rN++}
   (You found it on level 3 of the Tomb of the Ancients)

   Attacks with this weapon are significantly faster.
   It greatly protects you from negative energy.
 O - the +7 great mace "Firestarter" {inner flame, rF++}
   (You found it on level 25 of a ziggurat)

   It has been specially enchanted to burn those struck by it, causing extra
   injury to most foes and up to half again as much damage against particularly
   susceptible opponents.
   It greatly protects you from fire.
Missiles
 i - 110 silver javelins (quivered)
Armour
 m - the +0 pair of gloves "Dadatil" (worn) {+Inv rC+ rN+}
   (You bought it in a shop on level 1 of the Elven Halls)

   It protects you from cold.
   It protects you from negative energy.
   It lets you turn invisible.
 v - the +9 scales of the Dragon King (worn) {rPois rF+ rC+ Will+}
   (You took it off a deep elf master archer on level 3 of the Elven Halls)

   It protects you from fire.
   It protects you from cold.
   It protects you from poison.
   It affects your willpower, your defense against some magical effects.
 K - a +2 cloak of willpower (worn)
 L - the +2 pair of boots of the Blue Gastropod (worn) {Str+2 Int+4}
   (You found it on level 3 of the Tomb of the Ancients)

   It affects your strength (+2).
   It affects your intelligence (+4).
 P - the +1 helmet "Xagukux" (worn) {rN+ Dex+4}
   (Okawaru gifted it to you on level 11 of the Dungeon)

   It affects your dexterity (+4).
   It protects you from negative energy.
 U - a +8 tower shield of protection (worn)
Jewellery
 b - the amulet of Uneteon (around neck) {Reflect Slay+3 SH+5}
   (You found it on level 10 of the Dungeon)

   [amulet of reflection]

   It shields you and reflects attacks.
   It affects your accuracy and damage with ranged weapons and melee attacks
   (+3).
   It affects your SH (+5).
 h - the ring "Tuepn" (right hand) {+Blink rPois rF+ rC+ Will+}
   (You took it off a deep elf death mage on level 3 of the Elven Halls)

   [ring of willpower]

   It protects you from fire.
   It protects you from cold.
   It protects you from poison.
   It affects your willpower, your defense against some magical effects.
   It lets you blink.
 o - the ring of Untruth (left hand) {rF+ rCorr Dex+8}
   (You took it off a merfolk on level 4 of the Shoals)

   [ring of resist corrosion]

   It affects your dexterity (+8).
   It protects you from fire.
   It provides partial protection from all sources of acid and corrosion.
 Q - the amulet of the Four Winds {rN+ Will+++ Clar}
   (You found it on level 5 of a ziggurat)

   [amulet of nothing]

   It protects you from negative energy.
   It affects your willpower, your defense against some magical effects.
   It protects you against confusion.
Wands
 e - a wand of flame (52)
 f - a wand of iceblast (113)
 l - a wand of acid (55)
 r - a wand of paralysis (52)
 s - a wand of disintegration (70)
 y - a wand of digging (23)
 z - a wand of polymorph (36)
Scrolls
 a - 12 scrolls of blinking
 g - 39 scrolls of teleportation
 n - 16 scrolls of magic mapping
 w - 9 scrolls of immolation
 x - 12 scrolls of enchant armour
 A - 10 scrolls of holy word
 B - 12 scrolls of identify
 C - 60 scrolls of remove curse
 E - 14 scrolls of fog
 F - 11 scrolls of fear
 G - 3 scrolls of amnesia
 R - 5 scrolls of silence
 S - 5 scrolls of summoning
 Y - 21 scrolls of enchant weapon
Potions
 c - 13 potions of cancellation
 d - 2 potions of might
 j - 5 potions of curing
 k - 13 potions of mutation
 p - 3 potions of ambrosia
 D - 4 potions of magic
 H - 10 potions of haste
 I - a potion of heal wounds
Miscellaneous
 u - a box of beasts
 M - a +1 figurine of a ziggurat
 T - a phial of floods
 V - a lightning rod (4/4)
 W - a tin of tremorstones (2/2)
 X - a phantom mirror


   Skills:
 O Level 27 Fighting
 - Level 24.2(27) Axes
 - Level 23.4(27) Maces & Flails
 - Level 3.6(17.0) Polearms
 O Level 27 Armour
 O Level 27 Dodging
 O Level 27 Shields
 - Level 10.0 Spellcasting
 + Level 16.7 Conjurations
 + Level 10.2 Hexes
 - Level 21.2 Summonings
 - Level 20.4 Translocations
 - Level 13.4 Transmutations
 + Level 18.4 Fire Magic
 O Level 27 Earth Magic
 O Level 27 Invocations
 O Level 27 Evocations


You had 19 spell levels left.
You knew the following spells:

 Your Spells              Type           Power        Failure   Level
a - Wereblood             Tmut           47%          1%          2
b - Passwall              Tmut/Erth      51%          0%          2
c - Leda's Liquefaction   Hex/Erth       29%          1%          4
d - Passage of Golubria   Tloc           N/A          1%          4
e - Apportation           Tloc           100%         0%          1
f - Summon Forest         Summ/Tloc      31%          1%          5
g - Dispersal             Tloc           31%          1%          6
h - Mephitic Cloud        Conj/Pois/Air  24%          14%         3

Your spell library contained the following spells:

 Spells                   Type           Power        Failure   Level
 Sandblast                Erth           100%         0%          1
 Summon Small Mammal      Summ           100%         0%          1
 Blink                    Tloc           N/A          0%          2
 Call Imp                 Summ           63%          0%          2
 Stone Arrow              Conj/Erth      100%         0%          3
 Beastly Appendage        Tmut           94%          1%          1
 Corona                   Hex            42%          1%          1
 Foxfire                  Conj/Fire      100%         1%          1
 Magic Dart               Conj           100%         1%          1
 Shock                    Conj/Air       100%         1%          1
 Searing Ray              Conj           100%         1%          2
 Slow                     Hex            38%          1%          2
 Call Canine Familiar     Summ           63%          1%          3
 Confusing Touch          Hex            38%          1%          3
 Conjure Flame            Conj/Fire      56%          1%          3
 Dazzling Flash           Conj/Hex       96%          1%          3
 Gell's Gravitas          Tloc           31%          1%          3
 Ignite Poison            Fire/Tmut/Pois 39%          1%          3
 Inner Flame              Hex/Fire       50%          1%          3
 Lesser Beckoning         Tloc           31%          1%          3
 Portal Projectile        Hex/Tloc       100%         1%          3
 Summon Guardian Golem    Hex/Summ       53%          1%          3
 Teleport Other           Tloc           62%          1%          3
 Tukima's Dance           Hex            38%          1%          3
 Fulminant Prism          Conj/Hex       24%          1%          4
 Iskenderun's Mystic Bla  Conj/Tloc      58%          1%          4
 Petrify                  Tmut/Erth      62%          1%          4
 Sticky Flame             Conj/Fire      56%          1%          4
 Bolt of Magma            Conj/Fire/Erth 31%          1%          5
 Fireball                 Conj/Fire      28%          1%          5
 Iskenderun's Battlesphe  Conj           55%          1%          5
 Lee's Rapid Deconstruct  Erth           36%          1%          5
 Iron Shot                Conj/Erth      32%          1%          6
 Shadow Creatures         Summ           N/A          1%          6
 Sting                    Tmut/Pois      100%         2%          1
 Irradiate                Conj/Tmut      25%          2%          5
 Static Discharge         Conj/Air       32%          4%          3
 Blade Hands              Tmut           23%          4%          5
 Borgnjor's Vile Clutch   Necr/Erth      24%          4%          5
 Starburst                Conj/Fire      28%          4%          6
 Summon Ice Beast         Ice/Summ       39%          5%          4
 Summon Lightning Spire   Summ/Air       39%          5%          4
 Cause Fear               Hex            19%          6%          4
 Monstrous Menagerie      Summ           31%          6%          7
 Summon Greater Demon     Summ           31%          6%          7
 Summon Hydra             Summ           31%          6%          7
 Malign Gateway           Summ/Tloc      31%          7%          7
 Ensorcelled Hibernation  Hex/Ice        44%          9%          2
 Spider Form              Tmut/Pois      13%          9%          3
 Yara's Violent Unravell  Hex/Tmut       21%          10%         5
 Hailstorm                Conj/Ice       32%          14%         4
 Spellforged Servitor     Conj/Summ      29%          16%         7
 Hydra Form               Tmut           23%          26%         6
 Ice Form                 Ice/Tmut       27%          28%         4
 Lightning Bolt           Conj/Air       16%          36%         5
 Animate Skeleton         Necr           14%          41%         1
 Freeze                   Ice            28%          41%         1
 Pain                     Necr           28%          41%         1
 Summon Horrible Things   Summ           31%          43%         8
 Corpse Rot               Necr/Air       N/A          54%         2
 Poisonous Vapours        Pois/Air       14%          54%         2
 Swiftness                Air            7%           54%         2
 Disjunction              Tloc           31%          54%         8
 Shatter                  Erth           36%          56%         9
 Alistair's Intoxication  Tmut/Pois      18%          61%         5
 Invisibility             Hex            38%          69%         6
 Frozen Ramparts          Ice            14%          78%         3
 Ozocubu's Armour         Ice            7%           78%         3
 Vampiric Draining        Necr           3%           78%         3
 Metabolic Englaciation   Hex/Ice        11%          83%         5
 Silence                  Hex/Air        11%          83%         5
 Dragon Form              Tmut           23%          83%         7
 Ignition                 Fire           29%          83%         8
 Conjure Ball Lightning   Conj/Air       16%          91%         6
 Airstrike                Air            3%           99%         4
 Animate Dead             Necr           3%           99%         4
 Dispel Undead            Necr           7%           99%         4
 Olgreb's Toxic Radiance  Pois           7%           99%         4
 Eringya's Noxious Bog    Tmut/Pois      13%          99%         6
 Haunt                    Necr/Summ      19%          99%         7
 Agony                    Necr           7%           100%        5
 Excruciating Wounds      Necr           3%           100%        5
 Death Channel            Necr           3%           100%        6
 Freezing Cloud           Conj/Ice/Air   12%          100%        6
 Ozocubu's Refrigeration  Ice            3%           100%        6
 Simulacrum               Ice/Necr       3%           100%        6
 Borgnjor's Revivificati  Necr           3%           100%        8
 Discord                  Hex            19%          100%        8
 Infestation              Necr           3%           100%        8
 Necromutation            Tmut/Necr      13%          100%        8
 Death's Door             Necr           3%           100%        9
 Dragon's Call            Summ           31%          100%        9
 Tornado                  Air            3%           100%        9
 Statue Form              Tmut/Erth      Unusable     N/A         6
 Sublimation of Blood     Necr           Unusable     N/A         2

Dungeon Overview and Level Annotations

Branches:
Dungeon (15/15)            Temple (1/1) D:4            Lair (6/6) D:9
 Shoals (4/4) Lair:2       Spider (4/4) Lair:3        Slime (5/5) Lair:5
    Orc (2/2) D:12            Elf (3/3) Orc:2        Vaults (5/5) D:14
  Crypt (3/3) Vaults:2       Tomb (3/3) Crypt:3      Depths (5/5) D:15
   Hell (visited)             Dis (7/7) Hell            Geh (7/7) Hell
    Coc (7/7) Hell            Tar (7/7) Hell            Zot (5/5) Depths:5
Volcano (visited)         Gauntlet (visited)

Altars:
Ashenzari
Cheibriados
Dithmenos
Elyvilon
Fedhas
Gozag
Hepliaklqana
Kikubaaqudgha
Makhleb
Nemelex Xobeh
Okawaru
Qazlal
Ru
Sif Muna
Trog
Uskayaw
Vehumet
Wu Jian
Xom
Yredelemnul
Zin
The Shining One
Beogh
Jiyva

Shops:
D:6 }   D:9 =   D:13 *   D:15 (   Orc:2 **=[   Elf:1 [   Elf:3 (   Depths:5 [

Portals:
Hell: Depths:1 Depths:2 Depths:3 Depths:4 Depths:5
Abyss: Depths:3 Depths:4 Depths:5
Pandemonium: Depths:3
Ziggurat: Depths:3


Innate Abilities, Weirdness & Mutations

You are resistant to torment.
Your stone body is resilient. (AC +20)
You are immune to poison.
Your large and strong wings let you fly indefinitely.
You resist negative energy. (rN+)
You are resistant to electric shocks. (rElec)
You can survive without breathing.
You are immune to petrification.
You are immune to miasma.
You have sharp toenails.
You are surrounded by a mild repulsion field. (EV +2)
You are partially covered in molten scales. (AC +2)
You can translocate small distances at will.
You are robust. (+10% HP)


Message History

You slice the Orb Guardian!!
The Orb Guardian is heavily wounded.
The Orb Guardian closely misses you.
You barely miss the Orb Guardian.
The Orb Guardian is heavily wounded.
You slice the Orb Guardian like a ripe choko!!!
The Orb Guardian is almost dead.
You block the Orb Guardian's attack.
You slice the Orb Guardian!!
You kill the Orb Guardian!
No target in view!
Number of times to repeat, then command key: You must enter the number of times for the command to repeat.
Number of times to repeat, then command key: You must enter the number of times for the command to repeat.
Done exploring.
Unknown command.
There is a staircase leading out of the dungeon here.
You can't go down here!
You have escaped!

#≈≈≈..###...........#.#.#
#≈≈≈≈.................#..
#≈≈....8..............###
#≈≈.........8.....##.....
#≈≈...............#######
#≈≈.≈≈.........8.##
#≈≈≈≈≈...........#
#≈≈≈≈.≈..........#
#≈≈≈≈≈≈≈@.....8.##
#≈≈≈≈≈.≈≈.......#
#≈≈≈≈≈≈≈≈≈......##
#≈≈≈≈≈≈..≈≈≈.....#
#≈≈≈≈≈≈≈≈.≈≈≈≈.≈.#
#≈≈≈≈≈≈≈≈≈≈≈.≈..≈#
#≈≈≈≈≈≈≈≈≈≈≈≈≈≈≈≈#
#≈≈≈≈≈≈≈≈≈≈≈≈≈≈≈≈#
##################


There were no monsters in sight!

Vanquished Creatures
  Antaeus (Coc:7)
  the Royal Jelly (Slime:5)
  Dissolution (Slime:5)
  Gloorx Vloq (Pan)
  Lom Lobon (Pan)
  the Serpent of Hell (Coc:7)
  Dispater (Dis:7)
  Mnoleg (Pan)
  4 orbs of fire
  Mennas (Tomb:1)
  16 ancient liches
  53 pandemonium lords
  6 juggernauts
  42 royal mummies
  Boris (7 times) (Vaults:2 Crypt:2 Depths:2 Depths:4 Depths:5 Zig:17 Zig:23)
  Bai Suzhen (Spider:2)
  Margery (Crypt:1)
  28 shard shrikes
  11 Killer Klowns
  Saint Roka (Crypt:2)
  A curse toe (Zot:5)
  Xtahua (Depths:3)
  Geryon (Hell)
  2 caustic shrikes (Depths:4)
  A golden dragon (shapeshifter) (Zig:27)
  Nikola (Spider:3)
  The ghost of crisisinutopia the Impregnable, an adept MiFi of Okawaru (Vaults:3)
  4 profane servitors
  2 pearl dragons (Pan)
  8 golden dragons
  Jory (Tomb:2)
  23 bone dragons
  13 iron giants
  58 Tzitzimimeh
  3 electric golems
  72 Brimstone Fiends
  23 doom hounds
  22 tentacled monstrosities
  36 Hell Sentinels
  Rupert (Lair:5)
  3 hellephants
  61 Orb Guardians
  12 deep elf master archers
  22 titans
  8 quicksilver dragons
  49 Ice Fiends
  45 Executioners
  10 deep elf blademasters
  28 liches
  10 tentacled starspawn
  Murray (Hell)
  20 ancient champions
  A kraken (Shoals:3)
  7 death cobs
  17 sphinxes
  2 eldritch tentacles
  31 shadow dragons
  2 thorn hunters (Abyss:3)
  20 acid blobs
  3 storm dragons (shapeshifter)
  A sphinx (shapeshifter) (Zig:27)
  12 tengu reavers
  6 revenants
  2 azure jellies (shapeshifter)
  24 daevas
  Roxanne (Shoals:1)
  10 storm dragons
  13 draconian monks
  12 azure jellies
  2 fire giants (shapeshifter) (Zig:27)
  27 fire giants
  A fenstrider witch (shapeshifter) (Depths:3)
  19 corrupters
  A frost giant (shapeshifter) (Zig:27)
  7 draconian knights
  15 blood saints
  4 iron dragons (shapeshifter) (Depths:3)
  30 frost giants
  13 iron dragons
  30 vault wardens
  11 deep elf sorcerers
  8 draconian scorchers
  Aizul (Depths:3)
  10 ghost moths
  3 orc warlords (Zig:14)
  65 balrugs
  6 caustic shrike zombies
  6 emperor scorpions
  17 warmongers
  9 draconian shifters
  38 cacodemons
  6 curse skulls
  120 reapers
  17 angels
  24 ironheart preservers
  4 juggernaut zombies
  31 stone giants
  7 elemental wellsprings
  3 deep elf elementalists (Elf:3)
  3 ghouls
  2 stone giants (shapeshifter)
  2 caustic shrike skeletons (Zig:26)
  4 draconian stormcallers
  61 very ugly things
  A spriggan defender (Depths:4)
  2 juggernaut skeletons (Zig:26)
  9 ophanim
  34 war gargoyles
  21 vampire knights
  11 deep elf demonologists
  13 draconian annihilators
  10 green draconians
  9 entropy weavers
  21 black suns
  28 apis (Pan)
  15 bennus
  17 black draconians
  2 bunyips (Zig:7)
  13 yellow draconians
  Nessos (Lair:4)
  13 deep elf annihilators
  12 white draconians
  40 lorocyprocas
  A minotaur (shapeshifter) (Zig:27)
  7 red draconians
  An entropy weaver (shapeshifter) (Depths:3)
  6 purple draconians
  9 spark wasps
  19 deep elf death magi
  A minotaur (Gauntlet)
  The ghost of Kaofid the Geomancer, a journeyman GrEE of Vehumet (Lair:5)
  The ghost of Wolly the Archer, a journeyman CeAM of Okawaru (Lair:5)
  32 green deaths
  An eleionoma (Zig:7)
  10 merfolk javelineers
  19 merfolk impalers
  62 blizzard demons
  4 eidola
  37 mummy priests
  15 ettins
  9 jiangshi
  6 deep elf high priests
  19 yaktaur captains
  7 crystal guardians
  13 death oozes
  2 shambling mangroves
  23 great orbs of eyes
  10 quicksilver dragon zombies
  20 ogre magi
  15 fire dragons
  5 kraken zombies
  13 rakshasas
  A great orb of eyes (shapeshifter) (Zig:19)
  8 monstrous demonspawn
  A hydra (shapeshifter) (Zig:23)
  28 ice dragons
  14 hell beasts
  40 vault guards
  4 spriggan air magi
  6 hydras
  6 merfolk avatars
  4 naga warriors (Abyss:3)
  17 quicksilver dragon skeletons
  4 catoblepae
  9 boulder beetles
  5 death knights
  An alligator snapping turtle (shapeshifter) (Zig:27)
  8 centaur warriors
  2 death yaks (shapeshifter)
  5 ghost crabs
  A satyr (shapeshifter) (Depths:3)
  15 merfolk aquamancers
  An alligator snapping turtle (Shoals:4)
  The ghost of nebnoj the Cleaver, a novice MiFi of Okawaru (D:10)
  A two-headed ogre (shapeshifter) (Zig:3)
  49 dancing weapons
  88 death scarabs
  2 tengu warriors
  48 two-headed ogres
  An alligator (Zig:7)
  13 death yaks
  8 satyrs
  8 deep troll shamans
  74 hell hogs
  13 thrashing horrors
  7 deep troll earth magi
  4 orc high priests (Zig:14)
  5 iron golems
  2 spriggan berserkers
  14 titan zombies
  The ghost of ZZKoverts the Thaumaturge, a journeyman DECj of Vehumet (Lair:1)
  102 sun demons
  72 soul eaters
  18 vampire magi
  26 deep elf knights
  19 storm dragon zombies
  12 titan skeletons
  15 wretched stars
  24 shadow wraiths
  240 skeletal warriors
  A bunyip zombie (Crypt:2)
  87 hell knights
  18 storm dragon skeletons
  12 golden dragon zombies
  A quicksilver dragon simulacrum (Hell)
  2 death drakes
  48 sixfirhies
  19 sea snakes
  15 iron trolls
  The ghost of sixsigma the Conjurer, a novice GnCj of Yredelemnul (D:7)
  5 spatial maelstroms
  3 ghost moth zombies
  14 infernal demonspawn
  53 starcursed masses
  A death drake (shapeshifter) (Zig:19)
  17 glowing orange brains
  A salamander mystic (Depths:4)
  20 torturous demonspawn
  A lindwurm (Lair:6)
  24 deep trolls
  58 shadow demons
  11 cherubim
  24 gelid demonspawn
  24 flayed ghosts
  11 unseen horrors
  8 anaconda skeletons
  20 anaconda zombies
  A bunyip skeleton (Crypt:1)
  24 ironbrand convokers
  2 sphinx zombies
  2 kraken simulacra (Coc:7)
  20 deep elf archers
  An obsidian statue (D:8)
  122 large abominations
  A swamp dragon (shapeshifter) (Zig:19)
  31 phantasmal warriors
  21 shadow dragon zombies
  9 wizards
  5 bog bodies
  7 orc knights
  45 harpies
  13 wolf spider zombies
  3 spectral wolf spiders (Spider:4)
  73 deep elf magi
  12 golden dragon skeletons
  13 stone giant zombies
  31 necromancers
  20 iron dragon zombies
  10 frost giant zombies
  A lindwurm (shapeshifter) (Depths:3)
  12 orb spiders
  10 cyclopes
  7 orc sorcerers
  A mana viper (shapeshifter) (Zig:19)
  2 harpies (shapeshifter)
  17 fauns
  An orb spider (shapeshifter) (Vaults:1)
  14 fire giant zombies
  A wolf spider (shapeshifter) (Zig:8)
  73 ugly things
  An oklob plant (Lair:1)
  14 shining eyes
  27 wolf spiders
  3 shadow dragon skeletons
  15 fire giant skeletons
  3 salamanders
  A will-o-the-wisp (Abyss:1)
  10 worldbinders
  18 elephants
  2 salamanders (shapeshifter)
  31 manticores
  24 moths of wrath
  82 rust devils
  7 merfolk sirens
  2 guardian serpents (Abyss:3)
  10 dire elephant zombies
  3 sphinx skeletons
  19 frost giant skeletons
  18 iron dragon skeletons
  15 water nymphs
  2 guardian serpents (shapeshifter)
  8 titan simulacra
  6 centaur zombies
  124 smoke demons
  5 ice statues
  A torpor snail (shapeshifter) (Vaults:5)
  23 vault sentinels
  4 black mambas
  3 molten gargoyles
  7 apocalypse crabs
  4 emperor scorpion zombies
  5 eyes of devastation
  A cane toad (shapeshifter) (Zig:27)
  2 torpor snails
  8 storm dragon simulacra
  5 catoblepas zombies
  3 gargoyles
  4 black mambas (shapeshifter)
  53 orange demons
  Joseph (Lair:1)
  12 stone giant skeletons
  4 shock serpent skeletons
  69 hellions
  3 spectral redbacks (Spider:4)
  11 dire elephant skeletons
  7 anaconda simulacra (Coc:7)
  9 komodo dragons
  12 cane toads
  39 demonic crawlers
  69 freezing wraiths
  A redback zombie (Spider:4)
  3 kobold demonologists
  111 tormentors
  55 yaktaurs
  3 tengu conjurers
  2 rime drakes
  31 efreet
  A purple draconian skeleton (Geh:6)
  16 ancient zymes
  68 guardian mummies
  71 ice devils
  49 hellwings
  2 catoblepas skeletons
  9 trolls
  5 meliai (Abyss:3)
  3 harpy zombies
  81 red devils
  A golden dragon simulacrum (Zig:12)
  A queen bee (Abyss:3)
  A meliai (shapeshifter) (Zig:23)
  4 silent spectres
  A jumping spider (shapeshifter) (Vaults:2)
  A shadow dragon simulacrum (Depths:1)
  59 merfolk
  16 wind drakes
  27 hydra zombies
  14 hornets
  Grinder (D:4)
  7 spectral jumping spiders (Spider:4)
  2 spectral tarantellas (Spider:4)
  27 jumping spiders
  A wind drake (shapeshifter) (Depths:5)
  6 harpy skeletons
  138 slime creatures
  2 tarantella zombies (Spider:4)
  14 fire dragon zombies
  14 dream sheep
  A wolf spider simulacrum (Tar:5)
  29 hydra skeletons
  15 snapping turtles
  16 alligator zombies
  A dream sheep (shapeshifter) (Zig:8)
  35 blink frogs
  12 ice dragon zombies
  A jumping spider zombie (Spider:4)
  A satyr zombie (Crypt:1)
  17 ettin zombies
  A meliai zombie (Crypt:2)
  3 iron dragon simulacra
  14 raiju
  A frost giant simulacrum (Coc:1)
  A snapping turtle (shapeshifter) (Zig:27)
  6 fire dragon skeletons
  2 human simulacra (Vaults:2)
  A spriggan (Zig:7)
  9 alligator skeletons
  A stone giant simulacrum (Vaults:2)
  5 ice dragon skeletons
  5 black mamba zombies
  49 shadows
  2 air elementals
  2 deep troll skeletons (Depths:1)
  283 flying skulls
  A satyr skeleton (Crypt:1)
  54 ynoxinuls
  102 redbacks
  A spriggan (shapeshifter) (Depths:4)
  6 wyverns
  14 ettin skeletons
  47 water elementals
  A tarantella (shapeshifter) (Vaults:2)
  73 wraiths
  6 basilisks
  33 tarantellas
  A dire elephant simulacrum (Coc:7)
  7 fire bats
  60 yaks
  5 vampires
  7 black mamba skeletons
  3 hogs (shapeshifter)
  10 ushabtiu
  A steam dragon (D:10)
  79 chaos spawn
  46 fire elementals
  24 golden eyes
  A catoblepas simulacrum (Tar:4)
  60 neqoxecs
  2 nagas (Abyss:3)
  7 spatial vortices (Abyss:3)
  Menkaure (D:6)
  A soldier ant (D:14)
  11 elf skeletons
  12 wargs
  A naga (shapeshifter) (Depths:3)
  2 floating eyes
  19 water moccasins
  6 acid dragons
  169 hell hounds
  30 cane toad zombies
  2 floating eyes (shapeshifter)
  51 orc warriors
  4 spectral hornets (Spider:4)
  3 hydra simulacra
  17 ice beasts
  7 sky beasts
  2 hornet zombies (Spider:4)
  A black bear (shapeshifter) (Vaults:1)
  3 black bears
  11 cane toad skeletons
  6 manticore zombies
  12 snapping turtle zombies
  65 necrophages
  11 phantoms
  3 alligator simulacra
  71 ogres
  4 swamp dragon zombies
  20 eyes of draining
  6 boggarts
  11 wolves
  A manticore skeleton (Geh:3)
  A blink frog skeleton (Crypt:2)
  19 centaurs
  8 snapping turtle skeletons
  2 big kobolds
  34 small abominations
  An octopode zombie (Crypt:2)
  20 elf zombies
  A fire crab zombie (Crypt:1)
  23 bullfrogs
  A deep troll simulacrum (Vaults:3)
  3 cane toad simulacra
  12 earth elementals
  2 wyvern skeletons
  7 scorpions
  A troll zombie (Tar:3)
  A water moccasin skeleton (D:8)
  8 spriggan zombies
  19 killer bees
  145 wights
  7 electric eels
  4 troll skeletons
  11 spriggan skeletons
  3 howler monkeys
  14 crimson imps
  A spectral bullfrog (D:7)
  3 quasits
  4 hounds
  10 jellies
  3 bullfrog skeletons
  3 centaur skeletons
  10 human zombies
  18 orc priests
  75 iron imps
  36 orc wizards
  7 human skeletons
  Crazy Yiuf (D:7)
  3 iguanas
  9 worker ants
  A felid zombie (Crypt:1)
  8 ogre zombies (D:12)
  6 tengu zombies
  2 ogre skeletons
  A hound zombie (D:6)
  A hound skeleton (D:5)
  63 mummies
  4 worker ant zombies
  A howler monkey skeleton (D:5)
  6 gnolls
  A steam dragon zombie (Crypt:2)
  10 adders
  20 shadow imps
  42 white imps
  5 ufetubi
  12 oozes
  2 adder skeletons
  An adder zombie (D:8)
  An iguana skeleton (Crypt:1)
  2 worms
  5 dart slugs
  8 leopard geckos
  116 orcs
  6 bats
  A bat skeleton (Crypt:2)
  2 giant cockroaches
  11 goblins
  7 hobgoblins
  15 jackals
  A jackal (shapeshifter) (Vaults:5)
  19 kobolds
  5 quokkas
  4 ball pythons
  6 frilled lizards
  3 goblin skeletons (D:12)
  2 goblin zombies (D:12)
  A hobgoblin skeleton (D:12)
  3 hobgoblin zombies (D:12)
  A jackal skeleton (D:7)
  3 orc skeletons (D:12)
  16 orc zombies
  2 quokka skeletons
  10 rats
  A rat skeleton (Crypt:2)
  A block of ice (Zig:27)
  2 briar patches (Abyss:3)
  A bush (Lair:4)
  2 crawling corpses (Vaults:5)
  34 fire vortices
  4 lurking horrors
  16 starspawn tentacles
  16 tentacles
8711 creatures vanquished.

Vanquished Creatures (collateral kills)
  Cerebov (Pan)
  Asmodeus (Geh:7)
  Ereshkigal (Tar:7)
  4 pandemonium lords
  4 royal mummies
  A Killer Klown (Zig:27)
  A golden dragon (Zig:19)
  An Orb Guardian (Zig:23)
  2 titans
  2 azure jellies (Slime:5)
  7 daevas (Pan)
  A vault warden (Zig:19)
  A cacodemon (Pan)
  A balrug (Hell)
  2 angels (Pan)
  2 very ugly things (Pan)
  A war gargoyle (Zig:23)
  2 reapers
  A black sun (Pan)
  2 lorocyprocas (Pan)
  A bennu (Tomb:1)
  A green death (Pan)
  3 mummy priests (Zig:24)
  A yaktaur captain (Zig:19)
  A deep elf death mage (Elf:3)
  A death ooze (Slime:5)
  An alligator snapping turtle (Zig:21)
  10 death scarabs
  A hell hog (Zig:23)
  A large abomination (Pan)
  A titan skeleton (Tomb:2)
  A sun demon (Pan)
  2 soul eaters
  2 sixfirhies
  A skeletal warrior (Tomb:1)
  A glowing orange brain (Zig:16)
  2 cherubim (Pan)
  A shadow demon (Zig:23)
  3 ironbrand convokers
  A harpy (Zig:19)
  An orc knight (Zig:19)
  A faun (Zig:21)
  A shadow dragon skeleton (Zig:25)
  A shock serpent zombie (Tar:7)
  An elf zombie (Zig:24)
  A rust devil (Dis:7)
  2 vault sentinels (Zig:23)
  An orange demon (Pan)
  4 smoke demons (Pan)
  A freezing wraith (Zig:25)
  A hellion (Geh:7)
  4 ice devils
  13 guardian mummies
  A tormentor (Hell)
  A hellwing (Zig:24)
  2 red devils
  3 merfolk (Zig:21)
  A snapping turtle (Zig:21)
  3 ynoxinuls (Pan)
  5 flying skulls
  3 ushabtiu
  2 golden eyes (Zig:23)
  A chaos spawn (Pan)
  A hell hound (Zig:24)
  2 eyes of draining (Pan)
  A phantom (Tar:7)
  A wight (Tar:7)
  9 mummies
  A white imp (Zig:25)
  5 fire vortices (Zig:27)
148 creatures vanquished.

Vanquished Creatures (others)
  2 pandemonium lords (Zig:27)
  2 Killer Klowns (Zig:27)
  2 Orb Guardians
  2 quicksilver dragons (shapeshifter) (Zig:27)
  An eldritch tentacle (Pan)
  A shadow dragon (shapeshifter) (Zig:27)
  A fenstrider witch (Zig:27)
  2 fire giants (Geh:7)
  A draconian shifter (Zig:17)
  A draconian annihilator (Zot:4)
  2 elemental wellsprings
  A blood saint (Pan)
  A deep elf annihilator (Pan)
  A corrupter (Pan)
  A green draconian (Elf:3)
  A mummy priest (Zig:24)
  2 rakshasas (Pan)
  A dancing weapon (Crypt:3)
  An ogre mage (Vaults:2)
  A merfolk aquamancer (Shoals:3)
  A sixfirhy (Pan)
  A skeletal warrior (Coc:7)
  A sea snake (Shoals:4)
  2 deep elf magi
  A red devil (Zig:15)
  An ice dragon zombie (Geh:5)
  A large abomination (Pan)
  A flying skull (Coc:1)
  A wraith (Zig:26)
  2 ynoxinuls (Pan)
  A shadow (Dis:2)
  A water elemental (Coc:7)
  2 chaos spawn (Pan)
  4 wights
  A centaur zombie (Geh:5)
  An iron imp (Dis:7)
  An orc priest (D:13)
  A white imp (Zig:17)
  An orc zombie (Geh:5)
  7 ball lightnings (Pan)
  2 demonic plants (Gauntlet)
  3 fire vortices
  42 fungi
  87 plants
  3 snaplasher vines
  14 starspawn tentacles
  23 tentacles
  6 withered plants (Lair:5)
239 creatures vanquished.

Grand Total: 9098 creatures vanquished

Notes
Turn   | Place    | Note
-------+----------+-------------------------------------------
     0 | D:1      | Zeebu the Gargoyle Fighter began the quest for the Orb.
     0 | D:1      | Reached XP level 1. HP: 14/14 MP: 1/1
   219 | D:1      | Reached XP level 2. HP: 17/19 MP: 2/2
  1179 | D:1      | Reached XP level 3. HP: 23/23 MP: 3/3
  1572 | D:2      | Reached XP level 4. HP: 26/29 MP: 4/4
  1781 | D:2      | Found a shadowy altar of Dithmenos.
  2259 | D:2      | Reached XP level 5. HP: 31/33 MP: 5/5
  2688 | D:3      | Found a radiant altar of Vehumet.
  3020 | D:3      | You fall into a shaft and drop 2 floors!
  3020 | D:5      | Entered Level 5 of the Dungeon
  3060 | D:5      | Reached XP level 6. HP: 33/39 MP: 6/6
  3247 | D:5      | Noticed a sky beast
  3393 | D:5      | Noticed a sky beast
  3653 | D:3      | Found an opulent altar of Gozag.
  3728 | D:3      | Reached skill level 5 in Armour
  3728 | D:3      | Reached skill level 5 in Shields
  3730 | D:3      | Found a shimmering blue altar of Sif Muna.
  3904 | D:3      | Reached skill level 5 in Fighting
  3982 | D:3      | Reached XP level 7. HP: 44/44 MP: 7/7
  4088 | D:4      | Found a transporter.
  4113 | D:4      | Noticed Grinder
  4113 | D:4      | Paralysed by Grinder for 6 turns
  4141 | D:4      | Paralysed by Grinder for 3 turns
  4149 | D:4      | Paralysed by Grinder for 2 turns
  4152 | D:4      | Paralysed by Grinder for 5 turns
  4167 | D:4      | Killed Grinder
  4251 | D:4      | Found a transporter.
  4357 | D:4      | Found a staircase to the Ecumenical Temple.
  4395 | Temple   | Entered the Ecumenical Temple
  4648 | Temple   | Became a worshipper of Warmaster Okawaru
  5411 | D:4      | Reached XP level 8. HP: 36/51 MP: 8/8
  5570 | D:5      | Reached skill level 5 in Maces & Flails
  5645 | D:5      | Reached * piety under Okawaru
  6518 | D:6      | Noticed Menkaure
  6573 | D:6      | Killed Menkaure
  6573 | D:6      | Reached ** piety under Okawaru
  6574 | D:6      | Reached XP level 9. HP: 56/56 MP: 9/9
  6671 | D:6      | Found Wazipn's Gadget Shoppe.
  7251 | D:6      | Got a crude kite shield
  7516 | D:7      | Noticed a two-headed ogre
  7548 | D:6      | Identified the cursed +0 kite shield of Mumblety Peg
                  | {*Contam Int+4 Dex+3} (You found it on level 6 of the
                  | Dungeon)
  7901 | D:7      | Found a transporter.
  7901 | D:7      | Noticed sixsigma's ghost (novice GnCj)
  7907 | D:7      | Found a transporter.
  7938 | D:7      | Found a runed translucent door.
  7939 | D:7      | Noticed Crazy Yiuf
  7949 | D:7      | Killed Crazy Yiuf
  8098 | D:7      | Found a blossoming altar of Fedhas.
  8460 | D:8      | Reached *** piety under Okawaru
  8711 | D:8      | Reached XP level 10. HP: 64/64 MP: 10/10
  8729 | D:8      | Noticed an ice statue
  9014 | D:8      | Noticed an obsidian statue
  9306 | D:8      | Reached **** piety under Okawaru
  9671 | D:9      | Found a staircase to the Lair.
  9775 | D:9      | Reached ***** piety under Okawaru
  9824 | D:9      | Found Evaun's Jewellery Shoppe.
 10089 | D:7      | Killed a two-headed ogre
 10208 | D:10     | Entered Level 10 of the Dungeon
 10349 | D:10     | Reached XP level 11. HP: 71/71 MP: 11/11
 10597 | D:10     | Found a shimmering altar of Xom.
 10597 | D:10     | Noticed nebnoj's ghost (novice MiFi)
 10597 | D:10     | Noticed a +1 flail of chaos
 10599 | D:10     | Found a runed translucent door.
 11156 | D:11     | Noticed a cyan ugly thing
 11187 | D:11     | Killed a cyan ugly thing
 11236 | D:11     | Found a gate leading to a gauntlet.
 11269 | D:11     | Received a gift from Okawaru
 11286 | D:11     | Got a translucent helmet {god gift}
 11290 | Gauntlet | Entered a Gauntlet
 11290 | Gauntlet | Found a transporter.
 11290 | Gauntlet | Found a transporter.
 11290 | Gauntlet | Found a transporter.
 11291 | Gauntlet | Found a transporter.
 11292 | Gauntlet | Noticed a sixfirhy
 11292 | Gauntlet | Noticed a sixfirhy
 11294 | Gauntlet | Found a transporter.
 11299 | Gauntlet | Noticed a purple ugly thing
 11301 | Gauntlet | Noticed a sixfirhy
 11304 | Gauntlet | Noticed a wizard
 11305 | Gauntlet | Found a transporter.
 11310 | Gauntlet | Noticed a queen ant
 11323 | Gauntlet | Noticed a glowing orange brain
 11326 | Gauntlet | Found a transporter.
 11334 | Gauntlet | Found a transporter.
 11391 | Gauntlet | Found a transporter.
 11401 | Gauntlet | Found a transporter.
 11417 | Gauntlet | Found a transporter.
 11427 | Gauntlet | Found a transporter.
 11500 | Gauntlet | Identified the +1 helmet "Xagukux" {rN+ Dex+4} (Okawaru
                  | gifted it to you on level 11 of the Dungeon)
 12056 | Gauntlet | Killed a sixfirhy
 12057 | Gauntlet | Reached skill level 10 in Fighting
 12057 | Gauntlet | Reached skill level 10 in Armour
 12058 | Gauntlet | Killed a sixfirhy
 12059 | Gauntlet | Reached skill level 10 in Shields
 12071 | Gauntlet | Killed a sixfirhy
 12185 | Gauntlet | Killed a glowing orange brain
 12206 | Gauntlet | Killed a purple ugly thing
 12207 | Gauntlet | Reached skill level 1 in Invocations
 12298 | Gauntlet | Noticed a minotaur
 12334 | Gauntlet | Killed a minotaur
 12764 | D:11     | Noticed a two-headed ogre
 12795 | D:11     | Found a broken altar of Ashenzari.
 12900 | D:11     | Killed a two-headed ogre
 13523 | D:11     | Reached XP level 12. HP: 33/79 MP: 11/14
 13897 | D:12     | Reached skill level 10 in Maces & Flails
 13944 | D:12     | Found a staircase to the Orcish Mines.
 14491 | D:7      | Killed sixsigma's ghost
 14668 | D:10     | Killed nebnoj's ghost
 14668 | D:10     | Received a gift from Okawaru
 14699 | D:10     | Got a glittering bronze amulet
 14769 | D:10     | Got a pair of ancient gloves {god gift}
 14780 | D:10     | Identified the amulet of Uneteon {Reflect Slay+3 SH+5} (You
                  | found it on level 10 of the Dungeon)
 14791 | D:10     | Identified the +0 pair of gloves of Amorality {Harm rN+
                  | Int-2} (Okawaru gifted it to you on level 10 of the
                  | Dungeon)
 14912 | D:13     | Reached skill level 5 in Invocations
 15543 | Lair:1   | Entered Level 1 of the Lair of Beasts
 15560 | Lair:1   | Noticed a five-headed hydra
 15574 | Lair:1   | Killed a five-headed hydra
 15964 | Lair:1   | Found a runed translucent door.
 15965 | Lair:1   | Noticed a death yak
 15966 | Lair:1   | Noticed ZZKoverts's ghost (journeyman DECj)
 16148 | Lair:1   | Reached XP level 13. HP: 61/85 MP: 17/17
 16336 | Lair:1   | Noticed Joseph
 16379 | Lair:1   | Killed Joseph
 16751 | Lair:1   | Killed ZZKoverts's ghost
 16760 | Lair:1   | Got a shimmering hunting sling
 17302 | Lair:1   | Received a gift from Okawaru
 17393 | Lair:1   | Got a faintly glowing plate armour {god gift}
 17404 | Lair:1   | Identified the +5 plate armour of Devotion {+Blink rElec
                  | rPois Will+} (Okawaru gifted it to you on level 1 of the
                  | Lair of Beasts)
 17404 | Lair:1   | Identified the +2 hunting sling of Disintegration {flame,
                  | *Slow rF+ Int+3 Dex+2} (You found it on level 1 of the Lair
                  | of Beasts)
 17785 | Lair:2   | Found a staircase to the Shoals.
 17819 | Lair:2   | Reached skill level 1 in Evocations
 18519 | Lair:3   | Reached ****** piety under Okawaru
 18522 | Lair:3   | Received a gift from Okawaru
 18796 | Lair:3   | Found a hole to the Spider Nest.
 18872 | Lair:3   | Gained mutation: Your large and strong wings let you fly
                  | indefinitely. [Gargoyle growth]
 18872 | Lair:3   | Reached XP level 14. HP: 92/92 MP: 19/19
 19835 | Lair:4   | Noticed Nessos
 19845 | Lair:4   | Killed Nessos
 20409 | Lair:5   | Received a gift from Okawaru
 20800 | Lair:5   | Found a runed translucent gate.
 20800 | Lair:5   | Found a runed translucent gate.
 20800 | Lair:5   | Found a runed translucent gate.
 20801 | Lair:5   | Noticed Wolly's ghost (journeyman CeAM)
 20802 | Lair:5   | Noticed Kaofid's ghost (journeyman GrEE)
 20837 | Lair:5   | Found a viscous altar of Jiyva.
 20837 | Lair:5   | Found a staircase to the Slime Pits.
 21218 | Lair:5   | Found a viscous altar of Jiyva.
 21219 | Lair:5   | Found a staircase to the Slime Pits.
 21625 | Lair:5   | Found a viscous altar of Jiyva.
 21626 | Lair:5   | Found a staircase to the Slime Pits.
 21835 | Lair:5   | Got a bloodstained double sword {god gift}
 21836 | Lair:5   | Identified the +4 double sword of the Hierophant {speed,
                  | rElec rF+ rC+ Will+} (Okawaru gifted it to you on level 5
                  | of the Lair of Beasts)
 22010 | Orc:1    | Entered Level 1 of the Orcish Mines
 22151 | Orc:1    | Found a dark tunnel.
 22169 | Volcano  | Entered a volcano
 22610 | Orc:1    | Found a roughly hewn altar of Beogh.
 22980 | Orc:2    | Entered Level 2 of the Orcish Mines
 23313 | Orc:1    | Received a gift from Okawaru
 23348 | Orc:2    | Reached XP level 15. HP: 91/99 MP: 21/21
 23637 | Orc:2    | Found a staircase to the Elven Halls.
 23667 | Orc:2    | Found a roughly hewn altar of Beogh.
 23673 | Orc:2    | Received a gift from Okawaru
 23731 | Orc:2    | Found Onograrph's Assorted Antiques.
 23745 | Orc:2    | Found Oxtaxuegoe's Armour Shoppe.
 23745 | Orc:2    | Found Ceyhij's Jewellery Shop.
 23745 | Orc:2    | Found Anigi's Assorted Antiques.
 23761 | Orc:2    | Bought a scroll labelled ENEGELL QOTULL for 37 gold pieces
 23761 | Orc:2    | Bought a scroll labelled ENEGELL QOTULL for 37 gold pieces
 23761 | Orc:2    | Bought a grey potion for 33 gold pieces
 23761 | Orc:2    | Bought a scroll labelled HIOCUL VEPSI for 37 gold pieces
 23761 | Orc:2    | Bought a potion of heal wounds for 185 gold pieces
 23896 | Orc:2    | Found a roughly hewn altar of Beogh.
 23988 | Orc:2    | Bought the ring of Surprise {rElec rC+ Will+ Int+4 Dex-4}
                  | for 598 gold pieces
 24270 | D:13     | Found a sacrificial altar of Ru.
 24562 | D:13     | Found Plog's General Store.
 24570 | D:13     | Bought a scroll of enchant weapon for 97 gold pieces
 24570 | D:13     | Bought a potion of cancellation for 104 gold pieces
 25244 | D:14     | Got a polished trident
 25460 | D:14     | Received a gift from Okawaru
 25521 | D:14     | Got an ancient broad axe {god gift}
 25665 | D:14     | You are sucked into a shaft and drop 1 floor!
 25665 | D:15     | Entered Level 15 of the Dungeon
 25805 | D:14     | Found a gate to the Vaults.
 25877 | D:14     | Received a gift from Okawaru
 25878 | D:14     | Reached skill level 15 in Shields
 25888 | D:14     | Identified the +4 trident of Desperation {antimagic, *Drain
                  | Dex+4 SInv} (You found it on level 14 of the Dungeon)
 25889 | D:14     | Identified the +3 broad axe of Qeusonte {elec, *Noise rPois
                  | Int+2} (Okawaru gifted it to you on level 14 of the
                  | Dungeon)
 26834 | Lair:6   | Entered Level 6 of the Lair of Beasts
 26834 | Lair:6   | Noticed Rupert
 27003 | Lair:5   | Killed Rupert
 27262 | Lair:5   | Reached XP level 16. HP: 75/105 MP: 23/23
 27778 | Lair:6   | Received a gift from Okawaru
 28060 | Lair:6   | Reached skill level 10 in Invocations
 28796 | Lair:5   | Killed Kaofid's ghost
 28799 | Lair:5   | Killed Wolly's ghost
 28837 | Lair:5   | Got a faintly glowing tin amulet
 28899 | Lair:5   | Identified the amulet of Efyeneon {Inacc rF+ Int+3 Dex+2}
                  | (You found it on level 5 of the Lair of Beasts)
 28970 | Spider:1 | Entered Level 1 of the Spider Nest
 30154 | Spider:1 | Received a gift from Okawaru
 30681 | Spider:2 | Reached skill level 15 in Fighting
 30699 | Spider:2 | Reached skill level 15 in Armour
 30939 | Spider:1 | Reached XP level 17. HP: 36/113 MP: 0/24
 32495 | Spider:2 | Identified a +1 pair of boots of running (You found it on
                  | level 2 of the Spider Nest)
 33121 | Spider:3 | Received a gift from Okawaru
 33514 | Spider:3 | Noticed Nikola
 33553 | Spider:3 | Killed Nikola
 33913 | Spider:4 | Entered Level 4 of the Spider Nest
 33976 | Spider:4 | Noticed Bai Suzhen
 34139 | Spider:2 | Killed Bai Suzhen
 34718 | Spider:4 | Got a dazzling chain mail
 34729 | Spider:4 | Identified the cursed +1 chain mail of Purpose {Int+3
                  | Dex+2} (You found it on level 4 of the Spider Nest)
 34961 | Spider:4 | Received a gift from Okawaru
 34962 | Spider:4 | Got a brightly glowing eveningstar {god gift}
 34963 | Spider:4 | Identified the +2 eveningstar of Okawaru's Pride {freeze,
                  | rPois} (Okawaru gifted it to you on level 4 of the Spider
                  | Nest)
 35523 | Spider:4 | Reached XP level 18. HP: 115/120 MP: 25/25
 35596 | Spider:4 | Reached skill level 15 in Maces & Flails
 35793 | Spider:4 | Received a gift from Okawaru
 36164 | Spider:4 | Got a gossamer rune of Zot
 36851 | Lair:3   | Gained mutation: You are weak. (Str -2) [mutagenic glow]
 37051 | D:13     | Bought a scroll of identify for 26 gold pieces
 37051 | D:13     | Bought a scroll of teleportation for 39 gold pieces
 37051 | D:13     | Bought a potion of might for 52 gold pieces
 37233 | Shoals:1 | Entered Level 1 of the Shoals
 37757 | Shoals:1 | Noticed Roxanne
 37802 | Shoals:1 | Killed Roxanne
 38473 | Shoals:1 | Got a pair of brightly glowing boots
 38484 | Shoals:1 | Identified the +0 pair of boots of Understanding {rPois
                  | Int-4 Dex+5} (You found it on level 1 of the Shoals)
 38514 | Shoals:2 | Got a wavering iron ring
 40463 | Shoals:3 | Reached XP level 19. HP: 102/128 MP: 26/26
 41016 | Shoals:4 | Entered Level 4 of the Shoals
 41132 | Shoals:4 | Identified the ring of Untruth {rF+ rCorr Dex+8}
 41142 | Shoals:4 | Received a gift from Okawaru
 41163 | Shoals:4 | Identified the ring "Fan Hoolub" {*Tele rElec Str-4 Dex+5
                  | SInv} (You found it on level 2 of the Shoals)
 41402 | Shoals:4 | Identified 3 scrolls of acquirement
 42043 | Shoals:4 | Received a gift from Okawaru
 42206 | Shoals:4 | Got a barnacled rune of Zot
 43039 | Vaults:1 | Entered Level 1 of the Vaults
 44179 | Vaults:1 | Reached XP level 20. HP: 137/137 MP: 27/27
 44411 | Vaults:1 | Found Zeridgh's Gadget Boutique.
 44952 | Vaults:2 | Noticed Boris
 44995 | Vaults:2 | Received a gift from Okawaru
 45007 | Vaults:2 | Killed Boris
 46431 | Vaults:2 | Received a gift from Okawaru
 46447 | Vaults:2 | Got a pair of twisted boots {god gift}
 46623 | Vaults:2 | Identified the +0 pair of boots of Okawaru's Condemnation
                  | {MP+9} (Okawaru gifted it to you on level 2 of the Vaults)
 46794 | Vaults:2 | Found a staircase to the Crypt.
 47499 | Vaults:2 | Reached XP level 21. HP: 140/144 MP: 28/28
 48191 | Vaults:3 | Found a large runed translucent door.
 48192 | Vaults:3 | Found a large runed translucent door.
 48193 | Vaults:3 | Noticed crisisinutopia's ghost (adept MiFi)
 48303 | Vaults:3 | Reached skill level 1 in Spellcasting
 48313 | Vaults:3 | Reached skill level 1 in Dodging
 48421 | Vaults:3 | Killed crisisinutopia's ghost
 48456 | Vaults:3 | Received a gift from Okawaru
 49287 | Vaults:3 | Received a gift from Okawaru
 50382 | Vaults:4 | Reached skill level 5 in Evocations
 51089 | Vaults:4 | Got a slimy lajatang
 51119 | Vaults:4 | Reached XP level 22. HP: 152/152 MP: 29/29
 52084 | Vaults:4 | Acquired 1079 gold pieces
 52292 | D:9      | Bought the ring "Seatuamiah" {rF+ rC+ Str+4 Dex+3} for 751
                  | gold pieces
 52432 | D:14     | Acquired 803 gold pieces
 52433 | D:14     | Acquired a manual of Armour
 52437 | D:14     | Acquired the +6 eveningstar of Subjectivity {flame, rF+}
 52446 | D:14     | Identified the cursed +1 lajatang of Peace {venom, rElec
                  | rN+} (You found it on level 4 of the Vaults)
 52747 | Temple   | Fell from the grace of Okawaru
 52747 | Temple   | Became a worshipper of the Shining One
 53006 | Elf:1    | Entered Level 1 of the Elven Halls
 53108 | Elf:1    | Found Ufeng's Antique Armour Boutique.
 53158 | Elf:1    | Bought a pair of ichor-stained gloves for 332 gold pieces
 53158 | Elf:1    | Bought a pair of embroidered boots for 262 gold pieces
 53208 | Elf:1    | Reached skill level 5 in Spellcasting
 53225 | Elf:1    | Identified the +0 pair of gloves "Dadatil" {+Inv rC+ rN+}
                  | (You bought it in a shop on level 1 of the Elven Halls)
 54240 | Elf:1    | Bought a pair of glowing gloves for 262 gold pieces
 54347 | Elf:1    | Got a brightly glowing arbalest
 54353 | Elf:1    | Identified the +1 arbalest "Reomniy" {penet, Int+3} (You
                  | found it on level 1 of the Elven Halls)
 54553 | Elf:2    | Reached skill level 5 in Dodging
 54640 | Elf:2    | Reached * piety under the Shining One
 54653 | Elf:2    | Found a huge runed translucent gate.
 54653 | Elf:2    | Found a huge runed translucent gate.
 54665 | Elf:2    | Found a huge runed translucent gate.
 54667 | Elf:2    | Found a huge runed translucent gate.
 54667 | Elf:2    | Found a huge runed translucent gate.
 55946 | Elf:3    | Entered Level 3 of the Elven Halls
 56619 | Elf:3    | Found Ibyfiset's Antique Weapon Shoppe.
 56715 | Elf:3    | Reached ** piety under the Shining One
 56788 | Elf:3    | Identified the cursed +3 dagger of Indomitability
                  | {antimagic, Dex+6}
 56788 | Elf:3    | Identified the cursed +1 robe "Eluofid" {Str+3 Dex-5}
 57411 | Elf:3    | Reached *** piety under the Shining One
 58168 | Vaults:4 | Reached XP level 23. HP: 158/158 MP: 32/32
 58173 | Vaults:5 | Entered Level 5 of the Vaults
 58176 | Vaults:5 | Reached XP level 24. HP: 164/164 MP: 29/32
 58196 | Vaults:5 | Reached **** piety under the Shining One
 59139 | Vaults:5 | Identified the +11 quick blade of Gozag {venom, rC+ Str+2}
 59393 | Vaults:5 | Identified the cursed +1 hand crossbow of Immorality
                  | {penet, rC+ Int+4}
 60019 | Crypt:1  | Entered Level 1 of the Crypt
 60019 | Crypt:1  | Noticed Margery
 60037 | Crypt:1  | Killed Margery
 60045 | Crypt:1  | Reached XP level 25. HP: 170/171 MP: 32/32
 60089 | Crypt:1  | Reached ***** piety under the Shining One
 60576 | Crypt:1  | You fall into a shaft and drop 1 floor!
 60927 | Crypt:2  | Reached ****** piety under the Shining One
 61006 | Crypt:2  | Noticed Boris
 61019 | Crypt:2  | Killed Boris
 61114 | Crypt:2  | Noticed Saint Roka
 61174 | Crypt:2  | Killed Saint Roka
 61569 | Crypt:2  | Was forgiven by Okawaru
 61661 | Crypt:2  | Found an ancient bone altar of Kikubaaqudgha.
 61921 | Crypt:1  | Identified a +4 sacred scourge of holy wrath (a +2 vorpal
                  | demon whip blessed by the Shining One)
 61921 | Crypt:1  | Received a gift from the Shining One
 62184 | Crypt:3  | Entered Level 3 of the Crypt
 62874 | Crypt:3  | Found a basalt altar of Yredelemnul.
 62874 | Crypt:3  | Noticed an ancient lich
 62891 | Crypt:3  | Killed an ancient lich
 62915 | Crypt:3  | Got a crude ivory ring
 63242 | Crypt:3  | Found a staircase to the Tomb.
 63682 | Crypt:3  | Identified the ring "Guypoifi" {rPois Int-3 Dex+6 Slay+2
                  | Stlth+} (You found it on level 3 of the Crypt)
 63688 | Tomb:1   | Entered Level 1 of the Tomb of the Ancients
 63818 | Tomb:1   | Reached XP level 26. HP: 138/178 MP: 32/32
 64878 | Tomb:1   | Noticed a royal mummy
 64891 | Tomb:1   | Killed a royal mummy
 64996 | Tomb:1   | Noticed a royal mummy
 65006 | Tomb:1   | Killed a royal mummy
 65323 | Tomb:1   | Noticed an ancient lich
 65332 | Tomb:1   | Killed an ancient lich
 65343 | Tomb:2   | Noticed a royal mummy
 65346 | Tomb:2   | Noticed Jory
 65347 | Tomb:2   | Noticed a royal mummy
 65350 | Tomb:2   | Noticed a royal mummy
 65360 | Tomb:2   | Noticed a royal mummy
 65362 | Tomb:2   | Killed Jory
 65364 | Tomb:2   | Killed a royal mummy
 65385 | Tomb:1   | Killed a royal mummy
 65386 | Tomb:1   | Reached skill level 10 in Dodging
 65981 | Tomb:2   | Killed a royal mummy
 65985 | Tomb:2   | Killed a royal mummy
 66651 | Tomb:1   | Noticed a royal mummy
 66651 | Tomb:1   | Noticed a royal mummy
 66655 | Tomb:1   | Killed a royal mummy
 66656 | Tomb:1   | Noticed a royal mummy
 66657 | Tomb:1   | Noticed a royal mummy
 66659 | Tomb:1   | Killed a royal mummy
 66661 | Tomb:1   | Noticed a royal mummy
 66666 | Tomb:1   | Killed a royal mummy
 66670 | Tomb:1   | Noticed a royal mummy
 66670 | Tomb:1   | Noticed a royal mummy
 66673 | Tomb:1   | Killed a royal mummy
 66674 | Tomb:1   | Reached XP level 27. HP: 49/184 MP: 1/32
 66675 | Tomb:1   | Noticed a royal mummy
 66675 | Tomb:1   | Noticed a royal mummy
 66675 | Tomb:1   | Noticed a royal mummy
 66676 | Tomb:1   | Noticed a royal mummy
 66676 | Tomb:1   | Noticed a royal mummy
 66676 | Tomb:1   | Noticed Mennas
 67173 | Tomb:1   | Noticed a royal mummy
 67173 | Tomb:1   | Noticed a royal mummy
 67178 | Tomb:1   | Noticed a royal mummy
 67180 | Tomb:1   | Killed a royal mummy
 67181 | Tomb:1   | Noticed a royal mummy
 67184 | Tomb:1   | Killed a royal mummy
 67191 | Tomb:1   | Killed a royal mummy
 67196 | Tomb:1   | Killed a royal mummy
 67203 | Tomb:1   | Killed a royal mummy
 67223 | Tomb:1   | Killed a royal mummy
 67353 | Tomb:1   | Killed a royal mummy
 67553 | Tomb:1   | Noticed a royal mummy
 67558 | Tomb:1   | Killed a royal mummy
 67649 | Tomb:1   | Noticed a royal mummy
 67658 | Tomb:1   | Noticed a royal mummy
 67663 | Tomb:1   | Killed a royal mummy
 67669 | Tomb:1   | Killed a royal mummy
 67716 | Tomb:1   | Killed a royal mummy
 67940 | Tomb:1   | Killed a royal mummy
 67972 | Tomb:1   | Noticed a royal mummy
 67982 | Tomb:1   | Noticed a royal mummy
 67985 | Tomb:1   | Killed a royal mummy
 67991 | Tomb:1   | Gained mutation: Your magical capacity is low. (-10% MP) [a
                  | neqoxec]
 67994 | Tomb:1   | Killed a royal mummy
 68197 | Tomb:1   | Killed a royal mummy
 68262 | Tomb:1   | Killed a royal mummy
 68456 | Tomb:1   | Noticed a royal mummy
 68513 | Tomb:1   | Killed Mennas
 68521 | Tomb:1   | Killed a royal mummy
 68619 | Tomb:1   | Noticed a royal mummy
 68627 | Tomb:1   | Killed a royal mummy
 68650 | Tomb:2   | Paralysed by a Zot trap for 3 turns
 69080 | Tomb:3   | Entered Level 3 of the Tomb of the Ancients
 69106 | Tomb:3   | Noticed a royal mummy
 69113 | Tomb:3   | Found the ring of the Octopus King
 69129 | Tomb:3   | Killed a royal mummy
 69130 | Tomb:3   | Reached skill level 15 in Invocations
 69622 | Tomb:3   | Noticed a royal mummy
 69622 | Tomb:3   | Noticed a royal mummy
 69622 | Tomb:3   | Noticed a royal mummy
 69624 | Tomb:3   | Noticed a royal mummy
 69624 | Tomb:3   | Noticed a royal mummy
 69624 | Tomb:3   | Noticed an ancient lich
 69624 | Tomb:3   | Noticed a royal mummy
 70063 | Tomb:2   | Lost mutation: Your magical capacity is low. (-10% MP)
                  | [potion of mutation]
 70063 | Tomb:2   | Lost mutation: You are weak. (Str -2) [potion of mutation]
 70063 | Tomb:2   | Gained mutation: You can translocate small distances at
                  | will. [potion of mutation]
 70063 | Tomb:2   | Gained mutation: You are somewhat resistant to further
                  | mutation. [potion of mutation]
 70094 | Tomb:3   | Killed a royal mummy
 70094 | Tomb:3   | Killed a royal mummy
 70468 | Tomb:3   | Killed a royal mummy
 70471 | Tomb:3   | Killed a royal mummy
 70474 | Tomb:3   | Killed a royal mummy
 70482 | Tomb:3   | Killed a royal mummy
 70488 | Tomb:3   | Killed an ancient lich
 70741 | Tomb:3   | Identified the Incunabulum of the Flying Mountains
 70747 | Tomb:3   | Got a ring of the Octopus King
 70791 | Tomb:3   | Got a wavering steel ring
 70928 | Tomb:3   | Identified the Tome of Feathers
 70957 | Tomb:3   | Got a scorched iron amulet
 71110 | Tomb:3   | Got a golden rune of Zot
 71116 | Tomb:3   | Identified the ring "Tuxelyn" {Str+6 Dex+4} (You found it
                  | on level 3 of the Tomb of the Ancients)
 71133 | Tomb:3   | Identified the amulet of Vido {Reflect *Drain rPois rF+
                  | Int+3 SH+5} (You found it on level 3 of the Tomb of the
                  | Ancients)
 71133 | Tomb:3   | Identified a ring of the Octopus King {rN+ AC+1 EV+1 Str+1
                  | Int+1 Dex+1} (You found it on level 3 of the Tomb of the
                  | Ancients)
 71160 | Tomb:3   | Got a pair of jewelled gloves
 71201 | Tomb:3   | Got a pair of warped boots
 71215 | Tomb:3   | Got a faintly glowing broad axe
 71272 | Tomb:3   | Identified the +4 pair of gloves of the Cockatrice {*Slow
                  | rF- rC+++ Int+8} (You found it on level 3 of the Tomb of
                  | the Ancients)
 71304 | Tomb:3   | Identified the +2 pair of boots of the Blue Gastropod
                  | {Str+2 Int+4} (You found it on level 3 of the Tomb of the
                  | Ancients)
 71319 | Tomb:3   | Identified the +12 broad axe of Beogh's Fury {speed, rN++}
                  | (You found it on level 3 of the Tomb of the Ancients)
 71945 | Elf:3    | Identified the +9 hand axe of Eternal Night {speed, Str+7}
 71947 | Elf:3    | Identified the cursed +1 leather armour "Noshram" {rPois
                  | rF- rN+ Will++}
 71947 | Elf:3    | Identified the ring "Tuepn" {+Blink rPois rF+ rC+ Will+}
 72847 | Elf:3    | Got an encrusted ring mail
 72849 | Elf:3    | Identified the +4 ring mail of the Ecumenical Temple
                  | {Stlth+} (You found it on level 3 of the Elven Halls)
 73882 | Vaults:5 | Got a silver rune of Zot
 73920 | Vaults:5 | Identified the Catalogue of Transmigration and the Oath
 74394 | Vaults:5 | Identified Sif Muna's Incunabulum of Igneous Evil
 74398 | Vaults:5 | Got a pair of warped boots
 74473 | Vaults:5 | Identified the +0 pair of boots "Gestruiss" {Str+4 SInv}
                  | (You found it on level 5 of the Vaults)
 74701 | Vaults:5 | Got a smoking battleaxe
 74800 | Vaults:5 | Identified the +4 battleaxe of the Final Decision {vorpal,
                  | +Rage Str+6} (You found it on level 5 of the Vaults)
 74846 | Vaults:5 | Identified the +12 halberd of the Equinox {vamp, Str+2
                  | Int+4} (You found it on level 5 of the Vaults)
 75105 | Orc:2    | Bought a scroll of enchant armour for 277 gold pieces
 75105 | Orc:2    | Bought 2 potions of curing for 222 gold pieces
 75109 | Orc:2    | Bought a scroll of teleportation for 114 gold pieces
 75401 | D:15     | Found a staircase to the Depths.
 75454 | D:15     | Found Keso's Antique Weapon Shop.
 75747 | Depths:1 | Entered Level 1 of the Depths
 75817 | Depths:1 | Identified the ring of Gohiantag {+Fly rElec AC+4 Slay+3
                  | SInv}
 76008 | Depths:1 | Found a gateway to Hell.
 76079 | Depths:1 | Reached skill level 1 in Axes
 76350 | Depths:1 | Learned a level 2 spell: Wereblood
 76370 | Hell     | Entered the Vestibule of Hell
 76370 | Hell     | Noticed Geryon
 76372 | Hell     | Noticed Murray
 76467 | Hell     | Killed Murray
 76480 | Hell     | Killed Geryon
 76711 | Hell     | Found a gateway to the decaying netherworld of Tartarus.
 76779 | Hell     | Found a gateway to the ashen valley of Gehenna.
 76875 | Hell     | Found a gateway to the Iron City of Dis.
 76921 | Hell     | Found a gateway to the freezing wastes of Cocytus.
 77073 | Coc:1    | Entered Level 1 of Cocytus
 77073 | Coc:1    | Found a gateway to Hell.
 77683 | Coc:1    | Noticed an ancient lich
 77699 | Coc:1    | Killed an ancient lich
 77731 | Coc:1    | Reached skill level 5 in Axes
 78235 | Coc:2    | Found a gateway to Hell.
 78258 | Coc:2    | Found a gateway to Hell.
 78529 | Coc:2    | Found a gateway to Hell.
 78691 | Coc:2    | Found a gateway to Hell.
 79571 | Coc:3    | Found a gateway to Hell.
 79746 | Coc:3    | Found a gateway to Hell.
 79801 | Coc:3    | Found a gateway to Hell.
 80364 | Coc:4    | Found a gateway to Hell.
 80467 | Coc:4    | Found a gateway to Hell.
 80678 | Coc:4    | Found a gateway to Hell.
 81154 | Coc:4    | Found a gateway to Hell.
 81323 | Coc:5    | Found a gateway to Hell.
 81323 | Coc:5    | Found a gateway to Hell.
 81805 | Coc:5    | Found a gateway to Hell.
 82567 | Coc:6    | Found a gateway to Hell.
 82642 | Coc:6    | Found a gateway to Hell.
 83004 | Coc:6    | Found a gateway to Hell.
 83004 | Coc:6    | Found a gateway to Hell.
 83684 | Coc:7    | Entered Level 7 of Cocytus
 83684 | Coc:7    | Found a gateway to Hell.
 83684 | Coc:7    | Found a gateway to Hell.
 83684 | Coc:7    | Found a gateway to Hell.
 83802 | Coc:7    | Noticed the Serpent of Hell
 83828 | Coc:7    | Killed the Serpent of Hell
 83991 | Coc:7    | Reached skill level 10 in Axes
 84182 | Coc:7    | Identified the ring of Toful {Ice rElec Str+4 Int+3}
 84182 | Coc:7    | Noticed Antaeus
 84229 | Coc:7    | Killed Antaeus
 84299 | Coc:7    | Got an icy rune of Zot
 84304 | Coc:7    | Identified Sif Muna's Tome of Attacks and Evil
 84704 | Coc:7    | Got a tiger eye-encrusted chain mail
 84707 | Coc:7    | Got a faintly glowing shortbow
 84822 | Coc:7    | Identified the +7 chain mail of Free Will {rC- rCorr Dex+3}
                  | (You found it on level 7 of Cocytus)
 84823 | Coc:7    | Identified the cursed +0 shortbow "Orb Guardian's Bane"
                  | {freeze, rC+} (You found it on level 7 of Cocytus)
 84871 | Tar:1    | Entered Level 1 of Tartarus
 84871 | Tar:1    | Found a gateway to Hell.
 85798 | Tar:1    | Reached skill level 15 in Dodging
 86022 | Tar:2    | Found a gateway to Hell.
 86022 | Tar:2    | Found a gateway to Hell.
 86321 | Tar:2    | Reached skill level 27 in Armour
 87073 | Tar:2    | Found a gateway to Hell.
 87170 | Tar:3    | Found a gateway to Hell.
 87318 | Tar:3    | Found a gateway to Hell.
 87652 | Tar:3    | You are sucked into a shaft and drop 3 floors!
 87948 | Tar:6    | Found a gateway to Hell.
 87949 | Tar:6    | Found a gateway to Hell.
 88575 | Tar:6    | Found a gateway to Hell.
 88711 | Tar:3    | Found a gateway to Hell.
 89202 | Tar:3    | Found a gateway to Hell.
 89265 | Tar:4    | Found a gateway to Hell.
 89499 | Tar:4    | Found a gateway to Hell.
 90143 | Tar:4    | Found a gateway to Hell.
 90233 | Tar:5    | Found a gateway to Hell.
 90965 | Tar:5    | Found a gateway to Hell.
 91057 | Tar:5    | Found a gateway to Hell.
 91681 | Tar:7    | Entered Level 7 of Tartarus
 91681 | Tar:7    | Found a gateway to Hell.
 91907 | Tar:7    | Found a gateway to Hell.
 91986 | Tar:7    | Reached skill level 27 in Fighting
 91993 | Tar:7    | Reached skill level 15 in Axes
 92107 | Tar:7    | Noticed an ancient lich
 92126 | Tar:7    | Killed an ancient lich
 92153 | Tar:7    | Identified the Volume of Battle Magic
 92379 | Tar:7    | Noticed Ereshkigal
 92391 | Tar:7    | Found a gateway to Hell.
 92706 | Tar:7    | Found a gateway to Hell.
 92866 | Tar:7    | Got a warped silver amulet
 92894 | Tar:7    | Identified the Tome of Evil Magic and the Mountains
 92902 | Tar:7    | Learned a level 2 spell: Passwall
 93046 | Tar:7    | Reached skill level 1 in Earth Magic
 93085 | Tar:7    | Reached skill level 1 in Transmutations
 93198 | Tar:7    | Killed Ereshkigal
 93416 | Tar:7    | Got a bone rune of Zot
 93439 | Tar:7    | Found the +2 Maxwell's thermic engine {flame, freeze}
 93532 | Tar:7    | Got a dazzling scimitar
 93557 | Tar:7    | Got a shimmering cloak
 93568 | Tar:7    | Identified the +0 cloak of Qazlal's Envy {*Drain Regen+
                  | Dex+3} (You found it on level 7 of Tartarus)
 93578 | Tar:7    | Identified the +7 scimitar "Jamooh" {drain, *Noise rN++
                  | Int+3} (You found it on level 7 of Tartarus)
 93591 | Tar:7    | Identified the amulet "Siovaifru" {rElec rF+ Regen+} (You
                  | found it on level 7 of Tartarus)
 93937 | Depths:2 | Reached skill level 5 in Earth Magic
 94271 | Depths:2 | Noticed Boris
 94287 | Depths:2 | Killed Boris
 94386 | Depths:2 | Found the amulet of the Air {Inacc +Fly rElec EV+5 RMsl}
 94389 | Depths:2 | Reached skill level 5 in Transmutations
 94747 | Depths:3 | Found a one-way gate leading to the halls of Pandemonium.
 94785 | Depths:3 | Found a one-way gate to the infinite horrors of the Abyss.
 94864 | Depths:3 | Noticed Aizul
 94882 | Depths:3 | Killed Aizul
 95029 | Depths:3 | Noticed Xtahua
 95042 | Depths:3 | Killed Xtahua
 95203 | Depths:3 | Found a gateway to a ziggurat.
 95882 | Depths:4 | Noticed Boris
 95900 | Depths:4 | Killed Boris
 96052 | Depths:4 | You are sucked into a shaft and drop 1 floor!
 96052 | Depths:5 | Entered Level 5 of the Depths
 96058 | Depths:5 | Noticed Boris
 96088 | Depths:5 | Killed Boris
 96203 | Depths:5 | Found a portal to a secret trove of treasure.
 96236 | Depths:5 | Paralysed by a floating eye for 4 turns
 96242 | Depths:5 | Reached skill level 10 in Evocations
 96479 | Depths:5 | Found Yryodu Zecir's Armour Shoppe.
 96770 | Depths:5 | Found a gate to the Realm of Zot.
 97605 | Depths:5 | You paid a toll of a +8 demon trident to enter a treasure
                  | trove
 97606 | Trove    | Entered a treasure trove
 97609 | Trove    | Found the +3 crown of Dyrovepreva {rElec Int+2 SInv}
 97619 | Trove    | Got a fine chain mail
 97626 | Trove    | Got a translucent tower shield
 97628 | Trove    | Identified the +2 chain mail of Ypha {Str+4 Dex-3} (You
                  | found it in a treasure trove)
 97630 | Trove    | Identified the +0 tower shield of the Battered Ears {-Cast
                  | Int+7 Dex+5} (You found it in a treasure trove)
 97636 | Trove    | Identified the +1 pair of gloves "Azeotzath" {Int+5} (You
                  | found it in a treasure trove)
 97654 | Trove    | Identified the +0 helmet of Picsup {Str+2} (You found it in
                  | a treasure trove)
 97919 | Depths:4 | Identified the Compendium of the Captivating Volcanoes
 98258 | Depths:4 | Voluntarily entered the Abyss.
 98424 | Abyss:1  | Found a corrupted altar of Lugonu.
 98473 | Abyss:1  | Found a shimmering blue altar of Sif Muna.
 98649 | Depths:4 | Escaped the Abyss
 98661 | Depths:4 | Voluntarily entered the Abyss.
 98995 | Abyss:2  | Found a corrupted altar of Lugonu.
 99086 | Abyss:2  | Reached skill level 27 in Shields
 99154 | Abyss:2  | Noticed an ancient lich
 99183 | Abyss:2  | Killed an ancient lich
 99209 | Abyss:2  | Gained mutation: You are frail. (-10% HP) [a neqoxec]
100378 | Abyss:3  | Got an abyssal rune of Zot
100611 | Depths:4 | Escaped the Abyss
100905 | Slime:1  | Entered Level 1 of the Pits of Slime
101315 | Slime:2  | Gained mutation: You are very frail. (-20% HP) [a shining
                  | eye]
101759 | Slime:1  | Gained mutation: You are weak. (Str -2) [a shining eye]
105118 | Slime:3  | You are sucked into a shaft and drop 1 floor!
106095 | Slime:5  | Entered Level 5 of the Pits of Slime
106099 | Slime:5  | Gained mutation: You occasionally shout uncontrollably at
                  | your foes. [a shining eye]
106190 | Slime:5  | Noticed Dissolution
106196 | Slime:5  | Gained mutation: Scrolls take you a little longer to read.
                  | [a shining eye]
106216 | Slime:5  | Killed Dissolution
108141 | Slime:5  | Gained mutation: You tend to lose your temper in combat. [a
                  | shining eye]
108143 | Slime:5  | Gained mutation: You are extremely frail. (-30% HP) [a
                  | shining eye]
108390 | Slime:5  | Found the +9 sword of Zonguldrok {reap}
108390 | Slime:5  | Found a viscous altar of Jiyva.
108399 | Slime:5  | Found the macabre finger necklace {rN+}
108507 | Slime:5  | Noticed the Royal Jelly
108519 | Slime:5  | Killed the Royal Jelly
108723 | Slime:5  | Got a pair of encrusted gloves
108725 | Slime:5  | Got a serpentine lapis lazuli ring
108747 | Slime:5  | Got a shimmering brass ring
108761 | Slime:5  | Got a slimy rune of Zot
108816 | Slime:5  | Identified the cursed +0 pair of gloves of Stoicism {rN+
                  | Str+2} (You found it on level 5 of the Pits of Slime)
108819 | Slime:5  | Identified the ring "Suumef" {Fire Will- Str+5} (You found
                  | it on level 5 of the Pits of Slime)
108821 | Slime:5  | Identified the ring of the Duchess {+Fly rPois rN+++ Int-2
                  | Dex-2} (You found it on level 5 of the Pits of Slime)
108876 | Slime:5  | Lost mutation: You are extremely frail. (-30% HP) [potion
                  | of mutation]
108876 | Slime:5  | Lost mutation: You tend to lose your temper in combat.
                  | [potion of mutation]
108876 | Slime:5  | Gained mutation: You are agile. (Dex +2) [potion of
                  | mutation]
108877 | Slime:5  | Lost mutation: You are somewhat resistant to further
                  | mutation. [potion of mutation]
108877 | Slime:5  | Lost mutation: You are weak. (Str -2) [potion of mutation]
108877 | Slime:5  | Lost mutation: Scrolls take you a little longer to read.
                  | [potion of mutation]
108877 | Slime:5  | Gained mutation: You are weak. (Str -2) [potion of
                  | mutation]
108877 | Slime:5  | Lost mutation: You are agile. (Dex +2) [potion of mutation]
108877 | Slime:5  | Gained mutation: You are partially covered in icy blue
                  | scales. (AC +2) [potion of mutation]
108878 | Slime:5  | Lost mutation: You are very frail. (-20% HP) [potion of
                  | mutation]
108878 | Slime:5  | Lost mutation: You are weak. (Str -2) [potion of mutation]
108878 | Slime:5  | Lost mutation: You can translocate small distances at will.
                  | [potion of mutation]
108878 | Slime:5  | Lost mutation: You occasionally shout uncontrollably at
                  | your foes. [potion of mutation]
108878 | Slime:5  | Gained mutation: You are clumsy. (Dex -2) [potion of
                  | mutation]
108878 | Slime:5  | Gained mutation: You passively map a small area around you.
                  | [potion of mutation]
108878 | Slime:5  | Gained mutation: You have a pair of small horns on your
                  | head. [potion of mutation]
108879 | Slime:5  | Lost mutation: You are partially covered in icy blue
                  | scales. (AC +2) [potion of mutation]
108879 | Slime:5  | Lost mutation: You have a pair of small horns on your head.
                  | [potion of mutation]
108879 | Slime:5  | Lost mutation: You are frail. (-10% HP) [potion of
                  | mutation]
108879 | Slime:5  | Gained mutation: Your spells are a little harder to cast,
                  | but a little more powerful. [potion of mutation]
108879 | Slime:5  | Gained mutation: You are covered in fur. (AC +1) [potion of
                  | mutation]
108879 | Slime:5  | Lost mutation: You are clumsy. (Dex -2) [potion of
                  | mutation]
109331 | Geh:1    | Entered Level 1 of Gehenna
109675 | Geh:1    | Found a huge runed gate.
109675 | Geh:1    | Found a huge runed gate.
109675 | Geh:1    | Found a huge runed gate.
109675 | Geh:1    | Found a huge runed gate.
109676 | Geh:1    | Found a huge runed gate.
109677 | Geh:1    | Found a huge runed gate.
109677 | Geh:1    | Found a huge runed gate.
109678 | Geh:1    | Found a huge runed gate.
109686 | Geh:1    | Found a huge runed gate.
109688 | Geh:1    | Found a huge runed gate.
109688 | Geh:1    | Found a huge runed gate.
109689 | Geh:1    | Found a huge runed gate.
109690 | Geh:1    | Found a huge runed gate.
109691 | Geh:1    | Found a huge runed gate.
109701 | Geh:1    | Found a huge runed gate.
109701 | Geh:1    | Found a huge runed gate.
109701 | Geh:1    | Found a huge runed gate.
109701 | Geh:1    | Found a huge runed gate.
109701 | Geh:1    | Found a huge runed gate.
109737 | Geh:1    | Found a huge runed gate.
109737 | Geh:1    | Found a huge runed gate.
109738 | Geh:1    | Found a huge runed gate.
109739 | Geh:1    | Found a huge runed gate.
109740 | Geh:1    | Found a huge runed gate.
109744 | Geh:1    | Found a huge runed gate.
109745 | Geh:1    | Found a huge runed gate.
109746 | Geh:1    | Found a huge runed gate.
109749 | Geh:1    | Found a huge runed gate.
109749 | Geh:1    | Found a huge runed gate.
109749 | Geh:1    | Found a huge runed gate.
109749 | Geh:1    | Found a huge runed gate.
110032 | Geh:1    | Found a huge runed gate.
110032 | Geh:1    | Found a huge runed gate.
110032 | Geh:1    | Found a huge runed gate.
110143 | Geh:1    | Noticed an ancient lich
110143 | Geh:1    | Noticed an ancient lich
110146 | Geh:1    | Killed an ancient lich
110150 | Geh:1    | Killed an ancient lich
110383 | Geh:2    | You are sucked into a shaft and drop 1 floor!
112483 | Geh:4    | You are sucked into a shaft and drop 1 floor!
114454 | Geh:6    | Learned a level 4 spell: Leda's Liquefaction
114637 | Geh:6    | Reached skill level 1 in Hexes
115477 | Geh:7    | Entered Level 7 of Gehenna
116848 | Geh:7    | Identified the +2 buckler of the Tuna {rC+++ MP-9 Dex-3
                  | Slay+4} (You found it on level 7 of Gehenna)
116901 | Geh:7    | Reached skill level 10 in Earth Magic
116907 | Geh:7    | Found the +7 sceptre of Asmodeus
116907 | Geh:7    | Noticed Asmodeus
117402 | Geh:7    | Found the +8 orange crystal plate armour {Archmagi, Int+3
                  | Clar}
117437 | Geh:7    | Got a glittering iron amulet
117438 | Geh:7    | Identified the amulet of Kotteawn {Inacc +Blink +Fly rC-
                  | Str+3} (You found it on level 7 of Gehenna)
117689 | Geh:7    | Killed Asmodeus
117818 | Geh:7    | Got an obsidian rune of Zot
118011 | Dis:1    | Entered Level 1 of the Iron City of Dis
119233 | Dis:2    | You are sucked into a shaft and drop 2 floors!
121946 | Dis:3    | Learned a level 4 spell: Passage of Golubria
122116 | Dis:3    | Reached skill level 1 in Translocations
123723 | Dis:7    | Entered Level 7 of the Iron City of Dis
124091 | Dis:7    | Reached skill level 5 in Translocations
125199 | Dis:7    | Identified the +3 gold dragon scales "Ifratur" {rPois rF+
                  | rC+ Will+ Dex+2}
125859 | Dis:7    | Found the +4 staff of Dispater
125859 | Dis:7    | Noticed Dispater
125890 | Dis:7    | Killed Dispater
125920 | Dis:7    | Got an iron rune of Zot
125924 | Dis:7    | Identified the Compendium of the Bewitching Arsonist
126208 | Dis:7    | Reached skill level 27 in Invocations
126689 | Orc:2    | Bought a scroll of identify for 74 gold pieces
126696 | Orc:2    | Bought a scroll of remove curse for 114 gold pieces
126696 | Orc:2    | Bought a scroll of identify for 76 gold pieces
126696 | Orc:2    | Bought a scroll of identify for 76 gold pieces
126696 | Orc:2    | Bought a scroll of remove curse for 114 gold pieces
126813 | Elf:3    | Bought a smoking spear for 216 gold pieces
126813 | Elf:3    | Identified the +5 spear of Isiavo {elec, Str+5} (You bought
                  | it in a shop on level 3 of the Elven Halls)
127528 | Depths:5 | Got a brightly glowing scale mail
127529 | Depths:5 | Identified the +2 scale mail of Egalitarianism {rN+++
                  | Slay-2} (You found it on level 5 of the Depths)
127572 | Depths:4 | Identified the +9 dagger of the Sky {antimagic, Fragile
                  | rElec rPois rC+ Str+4} (You found it on level 4 of the
                  | Depths)
127848 | Lair:5   | Identified the +6 morningstar of Boff {flame, Str+2 Int-3
                  | SInv} (You found it on level 5 of the Lair of Beasts)
128150 | Pan      | Entered Pandemonium
128156 | Pan      | Noticed Ehosasm the pandemonium lord
128172 | Pan      | Killed Ehosasm the pandemonium lord
128222 | Pan      | Got a bound copper amulet
128579 | Pan      | Identified the amulet "Bygeg" {rF+ rC+ Regen+ Dex+2 Stlth+}
                  | (You found it in Pandemonium)
129050 | Pan      | Noticed Plog the pandemonium lord
129082 | Pan      | Killed Plog the pandemonium lord
129679 | Pan      | Reached skill level 10 in Translocations
129737 | Pan      | Identified the Papyrus of Conjuration and Earth
130225 | Pan      | Gained mutation: You do not regenerate when monsters are
                  | visible. [a neqoxec]
130770 | Pan      | Noticed Leboo the pandemonium lord
130794 | Pan      | Killed Leboo the pandemonium lord
130903 | Pan      | Gained mutation: You are dopey. (Int -2) [a neqoxec]
131809 | Pan      | Noticed Lyczyis the pandemonium lord
131828 | Pan      | Killed Lyczyis the pandemonium lord
131877 | Pan      | Got a slimy cloak
131878 | Pan      | Identified the cursed +0 cloak of the Nightingale {rN+
                  | rCorr} (You found it in Pandemonium)
131904 | Pan      | Gained mutation: You are clumsy. (Dex -2) [a cacodemon]
132833 | Pan      | Noticed Vyloak the pandemonium lord
132851 | Pan      | Killed Vyloak the pandemonium lord
133051 | Pan      | Reached skill level 5 in Hexes
133577 | Pan      | Lost mutation: You are covered in fur. (AC +1) [potion of
                  | mutation]
133577 | Pan      | Lost mutation: You are dopey. (Int -2) [potion of mutation]
133577 | Pan      | Lost mutation: You are clumsy. (Dex -2) [potion of
                  | mutation]
133577 | Pan      | Gained mutation: You are frail. (-10% HP) [potion of
                  | mutation]
133577 | Pan      | Gained mutation: You are weak. (Str -2) [potion of
                  | mutation]
133577 | Pan      | Gained mutation: Scrolls take you a little longer to read.
                  | [potion of mutation]
133577 | Pan      | Gained mutation: You are partially covered in thin metallic
                  | scales. (AC +2) [potion of mutation]
133578 | Pan      | Lost mutation: You are partially covered in thin metallic
                  | scales. (AC +2) [potion of mutation]
133578 | Pan      | Lost mutation: You are frail. (-10% HP) [potion of
                  | mutation]
133578 | Pan      | Lost mutation: You are weak. (Str -2) [potion of mutation]
133578 | Pan      | Gained mutation: You possess an exceptional clarity of
                  | mind. [potion of mutation]
133578 | Pan      | Gained mutation: You have a pair of small horns on your
                  | head. [potion of mutation]
133578 | Pan      | Gained mutation: You are strong-willed. (Will+) [potion of
                  | mutation]
133579 | Pan      | Lost mutation: Scrolls take you a little longer to read.
                  | [potion of mutation]
133579 | Pan      | Lost mutation: You are strong-willed. (Will+) [potion of
                  | mutation]
133579 | Pan      | Lost mutation: Your spells are a little harder to cast, but
                  | a little more powerful. [potion of mutation]
133579 | Pan      | Lost mutation: You possess an exceptional clarity of mind.
                  | [potion of mutation]
133579 | Pan      | Lost mutation: You have a pair of small horns on your head.
                  | [potion of mutation]
133579 | Pan      | Gained mutation: Potions are less effective at restoring
                  | your health. [potion of mutation]
133579 | Pan      | Gained mutation: You are strong-willed. (Will+) [potion of
                  | mutation]
133580 | Pan      | Lost mutation: You passively map a small area around you.
                  | [potion of mutation]
133580 | Pan      | Lost mutation: You are strong-willed. (Will+) [potion of
                  | mutation]
133580 | Pan      | Gained mutation: You have a pair of small horns on your
                  | head. [potion of mutation]
133580 | Pan      | Gained mutation: You can translocate small distances at
                  | will. [potion of mutation]
133581 | Pan      | Lost mutation: Potions are less effective at restoring your
                  | health. [potion of mutation]
133581 | Pan      | Lost mutation: You have a pair of small horns on your head.
                  | [potion of mutation]
133581 | Pan      | Lost mutation: You do not regenerate when monsters are
                  | visible. [potion of mutation]
133581 | Pan      | Gained mutation: You are somewhat resistant to further
                  | mutation. [potion of mutation]
133738 | Pan      | Noticed Zemon the pandemonium lord
133748 | Pan      | Killed Zemon the pandemonium lord
134302 | Pan      | Reached skill level 10 in Transmutations
134677 | Pan      | Entered the realm of Cerebov.
134980 | Pan      | Identified the amulet "Hefamyocs" {Faith *Contam rElec
                  | Will+++ Int-2}
135067 | Pan      | Identified Sif Muna's Compendium of the Shifting Volcanoes
135069 | Pan      | Identified Paxzu's Grimoire of Toxins and Damage Dealing
135075 | Pan      | Identified the +2 pair of boots of the Orb Guardian {Harm
                  | rCorr} (You found it in Pandemonium)
135221 | Pan      | Identified Sif Muna's Disquisition on Contamination and the
                  | Glacier
135227 | Pan      | Got a coiled turquoise ring
135229 | Pan      | Identified the ring "Rugyu" {rF+ Int-5 Dex+6 Slay+2} (You
                  | found it in Pandemonium)
135233 | Pan      | Found the +6 sword of Cerebov {flame}
135233 | Pan      | Noticed Cerebov
135660 | Pan      | Killed Cerebov
135746 | Pan      | Got a fiery rune of Zot
135871 | Pan      | Reached skill level 15 in Evocations
135921 | Depths:3 | Escaped Pandemonium
137136 | Depths:3 | Learned a level 1 spell: Apportation
137142 | Depths:3 | Learned a level 5 spell: Summon Forest
137143 | Pan      | Entered Pandemonium
137203 | Pan      | Reached skill level 1 in Summonings
137456 | Pan      | Found a white marble altar of Elyvilon.
138314 | Pan      | HP: 8/199 [daeva/divine providence (12)]
138533 | Pan      | Identified the +1 tower shield "Oceemmec" {rF- rN+ Int+4
                  | Stlth+}
139443 | Pan      | Identified the +1 tower shield of Atheism {rPois rC+ Dex-5}
139782 | Pan      | Found a glowing silver altar of Zin.
139840 | Pan      | Reached skill level 5 in Summonings
140577 | Pan      | Entered the realm of Lom Lobon.
140577 | Pan      | Noticed Lom Lobon
141691 | Pan      | Killed Lom Lobon
141790 | Pan      | Got a magical rune of Zot
142247 | Pan      | Noticed Anlinion the pandemonium lord
142263 | Pan      | Killed Anlinion the pandemonium lord
142352 | Pan      | Found an exit through the horrors of the Abyss.
142622 | Pan      | Entered the realm of Mnoleg.
142790 | Pan      | Noticed Mnoleg
142808 | Pan      | Killed Mnoleg
142879 | Pan      | Reached skill level 10 in Summonings
143094 | Pan      | Got a glowing rune of Zot
143271 | Pan      | Found an exit through the horrors of the Abyss.
143815 | Pan      | Entered the realm of Gloorx Vloq.
144166 | Pan      | Got a jewelled flail
144167 | Pan      | Identified the cursed +0 flail "Tahunyce" {elec, rC+ rN+
                  | MP+9} (You found it in Pandemonium)
144438 | Pan      | Noticed Gloorx Vloq
144455 | Pan      | Killed Gloorx Vloq
144539 | Pan      | Got a dark rune of Zot
144702 | Pan      | Noticed Yguikoc the pandemonium lord
144713 | Pan      | Killed Yguikoc the pandemonium lord
144725 | Pan      | Gained mutation: You are clumsy. (Dex -2) [a cacodemon]
144973 | Pan      | Found an exit through the horrors of the Abyss.
145442 | Pan      | Found an exit through the horrors of the Abyss.
146124 | Pan      | Noticed Ziamac the pandemonium lord
146134 | Pan      | Killed Ziamac the pandemonium lord
146177 | Pan      | Got a scorched whip
146178 | Pan      | Identified the +9 whip of Greed {venom, Str+4 Stlth+} (You
                  | found it in Pandemonium)
146551 | Pan      | Found an exit through the horrors of the Abyss.
146715 | Pan      | Noticed Ubam the pandemonium lord
146730 | Pan      | Killed Ubam the pandemonium lord
147044 | Pan      | Noticed Laclec the pandemonium lord
147057 | Pan      | Killed Laclec the pandemonium lord
147558 | Pan      | Found an exit through the horrors of the Abyss.
147656 | Pan      | Found a transporter.
148229 | Pan      | Found a transporter.
148343 | Pan      | Got a fine silver ring
148353 | Pan      | Got a bound iron ring
148393 | Pan      | Identified the ring of Disaster {rElec rC++ Will+ rCorr
                  | Int-4} (You found it in Pandemonium)
148394 | Pan      | Identified the ring "Baaxkiph" {rElec Str+6} (You found it
                  | in Pandemonium)
148395 | Pan      | Identified the +5 scale mail of the Five Emperors {Str+3}
                  | (You found it in Pandemonium)
148795 | Pan      | Found a transporter.
149127 | Pan      | Found a transporter.
149269 | Pan      | Gained mutation: You are weak. (Str -2) [a cacodemon]
149417 | Pan      | Got a crude iron ring
149429 | Pan      | Identified Leogyru's Almanac of Ashen Intoxication
149448 | Pan      | Identified the ring "Hentynt" {rPois Str+4} (You found it
                  | in Pandemonium)
149449 | Pan      | Identified the ring of the Villain {+Inv rF- Will+ Int+8
                  | Dex-4} (You found it in Pandemonium)
149748 | Pan      | Noticed Aromapt the pandemonium lord
149771 | Pan      | Killed Aromapt the pandemonium lord
149862 | Pan      | Found an exit through the horrors of the Abyss.
150032 | Pan      | Reached skill level 15 in Translocations
150476 | Pan      | Noticed Ycir Efe the pandemonium lord
150528 | Pan      | Lost mutation: You are weak. (Str -2) [a cacodemon]
150544 | Pan      | Killed Ycir Efe the pandemonium lord
150637 | Pan      | Found a runed translucent door.
150659 | Pan      | Got a demonic rune of Zot
150859 | Pan      | Got a warped granite ring
151120 | Pan      | Found an exit through the horrors of the Abyss.
151396 | Pan      | Took an exit into the Abyss.
151396 | Abyss:1  | Escaped into the Abyss
151408 | Abyss:1  | Paralysed by accursed screaming for 1 turns
151563 | Depths:3 | Escaped the Abyss
151667 | Zot:1    | Entered Level 1 of the Realm of Zot
151762 | Zot:1    | Identified the Volume of Torrid Enchantment
152697 | Zot:2    | Identified the ring of Sawnoeff {*Drain rC+ Will+ Dex+3}
                  | (You found it in Pandemonium)
152742 | Zot:2    | Noticed an orb of fire
152748 | Zot:2    | Killed an orb of fire
152904 | Zot:2    | Reached skill level 15 in Summonings
154138 | Zot:3    | Got a heavily runed silver amulet
154826 | Zot:5    | Entered Level 5 of the Realm of Zot
155629 | Zot:5    | Noticed an orb of fire
155630 | Zot:5    | Noticed an orb of fire
155634 | Zot:5    | Noticed an ancient lich
155649 | Zot:5    | Killed an orb of fire
155651 | Zot:5    | Killed an orb of fire
155651 | Zot:5    | Killed an ancient lich
155719 | Zot:5    | Reached skill level 27 in Dodging
155795 | Zot:5    | Gained mutation: You are very clumsy. (Dex -4) [mutagenic
                  | glow]
155807 | Zot:5    | Noticed an ancient lich
155816 | Zot:5    | Noticed an orb of fire
155817 | Zot:5    | Killed an ancient lich
155831 | Zot:5    | Gained mutation: Your spells are a little easier to cast,
                  | but a little less powerful. [mutagenic glow]
155838 | Zot:5    | Killed an orb of fire
155851 | Zot:5    | Gained mutation: Your body sometimes deteriorates upon
                  | taking damage. [mutagenic glow]
155961 | Zot:5    | Lost mutation: Your body sometimes deteriorates upon taking
                  | damage. [potion of mutation]
155961 | Zot:5    | Lost mutation: You can translocate small distances at will.
                  | [potion of mutation]
155962 | Zot:5    | Lost mutation: You are very clumsy. (Dex -4) [potion of
                  | mutation]
155963 | Zot:5    | Lost mutation: You are somewhat resistant to further
                  | mutation. [potion of mutation]
155963 | Zot:5    | Lost mutation: Your spells are a little easier to cast, but
                  | a little less powerful. [potion of mutation]
155963 | Zot:5    | Gained mutation: You are weak. (Str -2) [potion of
                  | mutation]
155963 | Zot:5    | Gained mutation: You are partially covered in rugged brown
                  | scales. (AC +1, +3% HP) [potion of mutation]
155963 | Zot:5    | Gained mutation: You are covered in fur. (AC +1) [potion of
                  | mutation]
155964 | Zot:5    | Lost mutation: You are partially covered in rugged brown
                  | scales. (AC +1, +3% HP) [potion of mutation]
155964 | Zot:5    | Lost mutation: You are clumsy. (Dex -2) [potion of
                  | mutation]
155964 | Zot:5    | Lost mutation: You are weak. (Str -2) [potion of mutation]
155964 | Zot:5    | Lost mutation: You are covered in fur. (AC +1) [potion of
                  | mutation]
155964 | Zot:5    | Gained mutation: You have sharp fingernails. [potion of
                  | mutation]
155964 | Zot:5    | Gained mutation: You have large cloven feet. [potion of
                  | mutation]
155964 | Zot:5    | Gained mutation: You have a pair of small horns on your
                  | head. [potion of mutation]
155967 | Zot:5    | Lost mutation: You have a pair of small horns on your head.
                  | [potion of mutation]
155967 | Zot:5    | Lost mutation: You have large cloven feet. [potion of
                  | mutation]
155967 | Zot:5    | Lost mutation: You have sharp fingernails. [potion of
                  | mutation]
155967 | Zot:5    | Gained mutation: You are partially covered in icy blue
                  | scales. (AC +2) [potion of mutation]
155967 | Zot:5    | Gained mutation: You are partially covered in thin metallic
                  | scales. (AC +2) [potion of mutation]
155967 | Zot:5    | Gained mutation: You are frail. (-10% HP) [potion of
                  | mutation]
155967 | Zot:5    | Gained mutation: You are somewhat resistant to further
                  | mutation. [potion of mutation]
155968 | Zot:5    | Lost mutation: You are somewhat resistant to further
                  | mutation. [potion of mutation]
155968 | Zot:5    | Lost mutation: You are partially covered in icy blue
                  | scales. (AC +2) [potion of mutation]
155968 | Zot:5    | Gained mutation: You have sharp toenails. [potion of
                  | mutation]
155968 | Zot:5    | Gained mutation: You have a somewhat thin skeletal
                  | structure. (Dex +2, Stealth) [potion of mutation]
155969 | Zot:5    | Lost mutation: You are frail. (-10% HP) [potion of
                  | mutation]
155969 | Zot:5    | Lost mutation: You are partially covered in thin metallic
                  | scales. (AC +2) [potion of mutation]
155969 | Zot:5    | Gained mutation: You are weak. (Str -2) [potion of
                  | mutation]
155969 | Zot:5    | Gained mutation: You are surrounded by a mild repulsion
                  | field. (EV +2) [potion of mutation]
155970 | Zot:5    | Lost mutation: You have a somewhat thin skeletal structure.
                  | (Dex +2, Stealth) [potion of mutation]
155970 | Zot:5    | Lost mutation: You are weak. (Str -2) [potion of mutation]
155970 | Zot:5    | Gained mutation: You possess an exceptional clarity of
                  | mind. [potion of mutation]
155970 | Zot:5    | Gained mutation: You are partially covered in molten
                  | scales. (AC +2) [potion of mutation]
155970 | Zot:5    | Gained mutation: Your spells are a little harder to cast,
                  | but a little more powerful. [potion of mutation]
155972 | Zot:5    | Got the Orb of Zot
155977 | Zig:1    | Entered Level 1 of a ziggurat
155995 | Zig:2    | Entered Level 2 of a ziggurat
156059 | Zig:3    | Entered Level 3 of a ziggurat
156077 | Zig:4    | Entered Level 4 of a ziggurat
156142 | Zig:5    | Entered Level 5 of a ziggurat
156155 | Zig:5    | Noticed Arekkemum the pandemonium lord
156157 | Zig:5    | Found the amulet of the Four Winds {rN+ Will+++ Clar}
156182 | Zig:5    | Killed Arekkemum the pandemonium lord
156250 | Zig:6    | Entered Level 6 of a ziggurat
156255 | Zig:6    | Found the ring of the Hare {EV+8}
156290 | Zig:6    | Identified the Incunabulum of the Mountains and Darkness
156300 | Zig:7    | Entered Level 7 of a ziggurat
156522 | Zig:8    | Entered Level 8 of a ziggurat
156575 | Zig:8    | Noticed Geonusk the pandemonium lord
156588 | Zig:8    | Killed Geonusk the pandemonium lord
156720 | Zig:8    | Noticed Gatamigo the pandemonium lord
156733 | Zig:8    | Killed Gatamigo the pandemonium lord
156765 | Zig:9    | Entered Level 9 of a ziggurat
156788 | Zig:9    | Reached skill level 15 in Earth Magic
156885 | Zig:9    | Identified Ympivoj's Disquisition on Supportive Poisoning
156925 | Zig:10   | Entered Level 10 of a ziggurat
156927 | Zig:10   | Identified the amulet "Cior" {Acrobat +Inv} (You found it
                  | on level 3 of the Realm of Zot)
156944 | Zig:10   | Found the +8 glaive of the Guard {elec, spectral, AC+5}
157057 | Zig:11   | Entered Level 11 of a ziggurat
157098 | Zig:11   | Noticed a juggernaut
157099 | Zig:11   | Noticed a juggernaut
157099 | Zig:11   | Noticed a juggernaut
157113 | Zig:11   | Killed a juggernaut
157118 | Zig:11   | Killed a juggernaut
157120 | Zig:11   | Killed a juggernaut
157157 | Zig:11   | Got a pitted lapis lazuli ring
157168 | Zig:11   | Identified the ring of Hard Scrabble {rPois rCorr Str+4}
                  | (You found it on level 11 of a ziggurat)
157171 | Zig:12   | Entered Level 12 of a ziggurat
157185 | Zig:12   | Found the -2 hat of the Alchemist {rElec rPois rF+ rC+ rN+
                  | Will+ rMut rCorr}
157207 | Zig:12   | Paralysed by accursed screaming for 2 turns
157305 | Zig:12   | Got a smoking steel ring
157311 | Zig:12   | Identified Xyloihin's Reference Book on the Birds
157344 | Zig:12   | Identified the ring "Fuhupsiomu" {rN+ Will- Str+6} (You
                  | found it on level 12 of a ziggurat)
157365 | Zig:13   | Entered Level 13 of a ziggurat
157419 | Zig:13   | Gained mutation: You frequently scream uncontrollably at
                  | your foes. [a neqoxec]
157556 | Zig:13   | Got a pitted copper ring
157590 | Zig:13   | Identified the ring "Ulaoc" {Wiz Int+3} (You found it on
                  | level 13 of a ziggurat)
157591 | Zig:13   | Identified the +1 hand axe "Rummage" {flame, Dex+5} (You
                  | found it on level 13 of a ziggurat)
157593 | Zig:13   | Acquired 383 gold pieces
157596 | Zig:14   | Entered Level 14 of a ziggurat
157604 | Zig:14   | Noticed a juggernaut
157605 | Zig:14   | Noticed a juggernaut
157606 | Zig:14   | Noticed a juggernaut
157610 | Zig:14   | Killed a juggernaut
157614 | Zig:14   | Killed a juggernaut
157616 | Zig:14   | Killed a juggernaut
157719 | Zig:14   | Noticed Gigrah the pandemonium lord
157743 | Zig:14   | Killed Gigrah the pandemonium lord
157957 | Zig:14   | Got a scintillating wooden ring
157963 | Zig:14   | Identified the Collected Works on Companions
157969 | Zig:14   | Identified Sif Muna's Incunabulum of the Poisonous
                  | Entourage
157972 | Zig:14   | Identified the ring "Ischanoro" {*Drain rC++ AC+4 Int+6}
                  | (You found it on level 14 of a ziggurat)
157977 | Zig:15   | Entered Level 15 of a ziggurat
157983 | Zig:15   | Noticed Moip the pandemonium lord
157997 | Zig:15   | Killed Moip the pandemonium lord
158012 | Zig:15   | Noticed Duwetieh the pandemonium lord
158023 | Zig:15   | Killed Duwetieh the pandemonium lord
158028 | Zig:15   | Noticed Lizitur the pandemonium lord
158055 | Zig:15   | Killed Lizitur the pandemonium lord
158100 | Zig:15   | Got a coiled platinum amulet
158105 | Zig:15   | Identified the amulet of the Good {Spirit *Corrode +Inv
                  | Dex+7} (You found it on level 15 of a ziggurat)
158112 | Zig:15   | Got a fine platinum amulet
158113 | Zig:15   | Identified the amulet of Propriety {Faith +Blink rElec
                  | Int-5} (You found it on level 15 of a ziggurat)
158127 | Zig:15   | Noticed Jitazemp the pandemonium lord
158150 | Zig:15   | Killed Jitazemp the pandemonium lord
158191 | Zig:15   | Noticed Qikur the pandemonium lord
158217 | Zig:15   | Killed Qikur the pandemonium lord
158472 | Zig:16   | Entered Level 16 of a ziggurat
158579 | Zig:16   | Noticed Avoys the pandemonium lord
158604 | Zig:16   | Killed Avoys the pandemonium lord
158639 | Zig:16   | Noticed Ohats the pandemonium lord
158653 | Zig:16   | Killed Ohats the pandemonium lord
158661 | Zig:16   | Got a vibrating graven amulet
158704 | Zig:16   | Identified the amulet "Ropsoexo" {Acrobat *Drain rElec MP-9
                  | Slay+5} (You found it on level 16 of a ziggurat)
158706 | Zig:16   | Got a jewelled cloak
158707 | Zig:16   | Identified the +0 cloak of Ruuthek {Str+4} (You found it on
                  | level 16 of a ziggurat)
158870 | Zig:17   | Entered Level 17 of a ziggurat
158983 | Zig:17   | Found the +12 Vampire's Tooth {vamp}
158984 | Zig:17   | Found the +3 salamander hide armour {Flames rF++ rC--}
158995 | Zig:17   | Identified Sater's Compendium of the Sinister Arsonist
159005 | Zig:17   | Identified the Collected Works on Creative Evil
159007 | Zig:17   | Identified the Reference Book on Toxins
159019 | Zig:17   | Noticed Boris
159025 | Zig:17   | Killed Boris
159038 | Zig:17   | Noticed Foteh the pandemonium lord
159050 | Zig:17   | Killed Foteh the pandemonium lord
159075 | Zig:17   | Learned a level 6 spell: Dispersal
159076 | Zig:18   | Entered Level 18 of a ziggurat
159102 | Zig:18   | Noticed Gaitett the pandemonium lord
159122 | Zig:18   | Killed Gaitett the pandemonium lord
159162 | Zig:18   | Gained mutation: You are clumsy. (Dex -2) [a cacodemon]
159171 | Zig:18   | Noticed Zenlehog the pandemonium lord
159187 | Zig:18   | Gained mutation: You are very clumsy. (Dex -4) [a
                  | cacodemon]
159189 | Zig:18   | Killed Zenlehog the pandemonium lord
159264 | Zig:18   | Found the +10 morningstar "Eos" {elec, Halo rElec}
159324 | Zig:18   | Got a scintillating tin ring
159326 | Zig:18   | Got a pitted steel ring
159338 | Zig:18   | Identified the ring of Mofrulao {+Inv +Fly rC- MP+9 Str+3
                  | Slay+2} (You found it on level 18 of a ziggurat)
159339 | Zig:18   | Identified the cursed ring "Cunimp" {+Inv MP+9 Int-4 Dex-5}
                  | (You found it on level 18 of a ziggurat)
159345 | Zig:19   | Entered Level 19 of a ziggurat
159365 | Zig:19   | Noticed an ancient lich
159368 | Zig:19   | Noticed an ancient lich
159369 | Zig:19   | Noticed an ancient lich
159379 | Zig:19   | Killed an ancient lich
159407 | Zig:19   | Killed an ancient lich
159414 | Zig:19   | Killed an ancient lich
159449 | Zig:19   | Identified the Papyrus of Earth
159476 | Zig:20   | Entered Level 20 of a ziggurat
159514 | Zig:20   | Noticed an ancient lich
159523 | Zig:20   | Killed an ancient lich
159524 | Zig:20   | Reached skill level 27 in Evocations
159578 | Zig:20   | Found the +7 great mace "Undeadhunter" {disrupt, rN+}
159589 | Zig:20   | Identified Filygon's Tome of the Entourage and Conjuration
159612 | Zig:20   | Noticed Fuatoog the pandemonium lord
159627 | Zig:20   | Killed Fuatoog the pandemonium lord
159688 | Zig:20   | Noticed Qez Leoso the pandemonium lord
159698 | Zig:20   | Killed Qez Leoso the pandemonium lord
159854 | Zig:21   | Entered Level 21 of a ziggurat
160013 | Zig:21   | Noticed Gommix the pandemonium lord
160043 | Zig:21   | Killed Gommix the pandemonium lord
160171 | Zig:21   | Found the +3 Elemental Staff {rElec rF++ rC++ Will++ AC+5}
160195 | Zig:21   | Identified the Almanac of Hurtful Poison
160200 | Zig:21   | Identified Biyxakaf's Grimoire of Floating Dislocation
160208 | Zig:21   | Noticed Maluew Naucu the pandemonium lord
160220 | Zig:21   | Killed Maluew Naucu the pandemonium lord
160236 | Zig:21   | Lost mutation: You occasionally shout uncontrollably at
                  | your foes. [potion of mutation]
160236 | Zig:21   | Lost mutation: You possess an exceptional clarity of mind.
                  | [potion of mutation]
160236 | Zig:21   | Gained mutation: You evolve. [potion of mutation]
160267 | Zig:22   | Entered Level 22 of a ziggurat
160363 | Zig:22   | Reached skill level 27 in Earth Magic
160372 | Zig:22   | Noticed Witoihaku the pandemonium lord
160401 | Zig:22   | Killed Witoihaku the pandemonium lord
160478 | Zig:22   | Found the +0 mask of the Dragon {Will+ Slay+3 SInv}
160488 | Zig:22   | Noticed Dadehaeh the pandemonium lord
160499 | Zig:22   | Killed Dadehaeh the pandemonium lord
160606 | Zig:23   | Entered Level 23 of a ziggurat
160662 | Zig:23   | Noticed an ancient lich
160685 | Zig:23   | Killed an ancient lich
160688 | Zig:23   | Identified the cursed -3 tower shield "Matzeps" {rF-
                  | Slay+5}
160689 | Zig:23   | Identified the +5 tower shield of the Dragon {rF+ Dex+4}
160690 | Zig:23   | Identified the -3 tower shield of an ice cave {Rampage
                  | Str+4}
160700 | Zig:23   | Noticed an ancient lich
160716 | Zig:23   | Killed an ancient lich
160855 | Zig:23   | Noticed an ancient lich
160886 | Zig:23   | Noticed Boris
160891 | Zig:23   | Killed Boris
160935 | Zig:23   | Noticed Entiosh the pandemonium lord
160945 | Zig:23   | Killed Entiosh the pandemonium lord
161036 | Zig:23   | Got a sparkling ruby amulet
161056 | Zig:23   | Identified the amulet of Suyvood {Faith rF+} (You found it
                  | on level 23 of a ziggurat)
161072 | Zig:23   | Identified the +0 plate armour of the Game Afoot {Str+5}
                  | (You found it on level 23 of a ziggurat)
161078 | Zig:24   | Entered Level 24 of a ziggurat
161092 | Zig:24   | Noticed a royal mummy
161101 | Zig:24   | Noticed a royal mummy
161103 | Zig:24   | Noticed a royal mummy
161104 | Zig:24   | Killed a royal mummy
161109 | Zig:24   | Noticed a royal mummy
161109 | Zig:24   | Noticed a royal mummy
161109 | Zig:24   | Noticed a royal mummy
161109 | Zig:24   | Noticed a royal mummy
161109 | Zig:24   | Noticed a royal mummy
161117 | Zig:24   | Killed a royal mummy
161119 | Zig:24   | Killed a royal mummy
161120 | Zig:24   | Noticed a royal mummy
161121 | Zig:24   | Reached skill level 5 in Fire Magic
161121 | Zig:24   | Killed a royal mummy
161122 | Zig:24   | Killed a royal mummy
161123 | Zig:24   | Noticed a royal mummy
161123 | Zig:24   | Noticed a royal mummy
161144 | Zig:24   | Identified the +6 tower shield "Pialen" {Will+}
161147 | Zig:24   | Killed a royal mummy
161149 | Zig:24   | Killed a royal mummy
161149 | Zig:24   | Killed a royal mummy
161163 | Zig:24   | Killed a royal mummy
161173 | Zig:24   | Killed a royal mummy
161174 | Zig:24   | Reached skill level 1 in Polearms
161174 | Zig:24   | Killed a royal mummy
161297 | Zig:24   | Gained mutation: You are weak. (Str -2) [evolution]
161336 | Zig:24   | Noticed Boeqeuf the pandemonium lord
161347 | Zig:24   | Killed Boeqeuf the pandemonium lord
161348 | Zig:24   | Reached skill level 10 in Fire Magic
161358 | Zig:24   | Got a bound granite ring
161365 | Zig:24   | Reached skill level 10 in Spellcasting
161386 | Zig:24   | Got a clouded copper ring
161419 | Zig:24   | Identified the ring of the Iron Devil {+Blink rC+} (You
                  | found it on level 24 of a ziggurat)
161420 | Zig:24   | Identified the ring "Seirphat" {rPois rF+ Str-2 Slay+3
                  | SInv} (You found it on level 24 of a ziggurat)
161445 | Zig:24   | Learned a level 3 spell: Mephitic Cloud
161460 | Zig:25   | Entered Level 25 of a ziggurat
161493 | Zig:25   | Noticed Ogoxki Uvile the pandemonium lord
161504 | Zig:25   | Reached skill level 1 in Conjurations
161519 | Zig:25   | Killed Ogoxki Uvile the pandemonium lord
161560 | Zig:25   | Reached skill level 5 in Conjurations
161642 | Zig:25   | Found the +7 great mace "Firestarter" {inner flame, rF++}
161647 | Zig:25   | Identified Zonwelac's Almanac of Poisonous Enchantment
161649 | Zig:25   | Identified the Reference Book on Moulding and Envenoming
161784 | Zig:25   | Noticed Zized the pandemonium lord
161797 | Zig:25   | Killed Zized the pandemonium lord
161805 | Zig:25   | Got a faintly glowing mace
161807 | Zig:25   | Got a crystal morningstar
161835 | Zig:25   | Identified the +4 morningstar of the Saving Queen {vorpal,
                  | Int+4} (You found it on level 25 of a ziggurat)
161836 | Zig:25   | Identified the +5 mace of Tenacity {antimagic, *Rage rElec
                  | rC++ Stlth+} (You found it on level 25 of a ziggurat)
161953 | Zig:26   | Entered Level 26 of a ziggurat
162043 | Zig:26   | Reached skill level 10 in Conjurations
162327 | Zig:26   | Identified the Compendium of Vitriolic Unholy Arts
162344 | Zig:26   | Reached skill level 15 in Fire Magic
162368 | Zig:26   | Identified Voseschi's Catalogue of Destructive Hexes
162411 | Zig:26   | Identified the +2 cloak of the Trees {rC- rCorr Str+6
                  | Stlth+} (You found it on level 26 of a ziggurat)
162413 | Zig:26   | Identified the +2 cloak "Zocehuep" {rC+ rN+ SInv} (You
                  | found it on level 26 of a ziggurat)
162419 | Zig:26   | Lost mutation: You evolve. [potion of mutation]
162419 | Zig:26   | Lost mutation: You are weak. (Str -2) [potion of mutation]
162419 | Zig:26   | Lost mutation: You are surrounded by a mild repulsion
                  | field. (EV +2) [potion of mutation]
162419 | Zig:26   | Lost mutation: You are partially covered in molten scales.
                  | (AC +2) [potion of mutation]
162419 | Zig:26   | Gained mutation: You have a pair of small horns on your
                  | head. [potion of mutation]
162419 | Zig:26   | Gained mutation: You expend magic power (3 MP) to
                  | strengthen your wands. [potion of mutation]
162420 | Zig:26   | Lost mutation: You are very clumsy. (Dex -4) [potion of
                  | mutation]
162420 | Zig:26   | Lost mutation: You expend magic power (3 MP) to strengthen
                  | your wands. [potion of mutation]
162420 | Zig:26   | Lost mutation: Your spells are a little harder to cast, but
                  | a little more powerful. [potion of mutation]
162420 | Zig:26   | Lost mutation: You have sharp toenails. [potion of
                  | mutation]
162420 | Zig:26   | Gained mutation: You occasionally shout uncontrollably at
                  | your foes. [potion of mutation]
162420 | Zig:26   | Gained mutation: Your spells are a little harder to cast,
                  | but a little more powerful. [potion of mutation]
162421 | Zig:26   | Lost mutation: You are clumsy. (Dex -2) [potion of
                  | mutation]
162421 | Zig:26   | Lost mutation: Your spells are a little harder to cast, but
                  | a little more powerful. [potion of mutation]
162421 | Zig:26   | Gained mutation: Your muscles are strong. (Str +2) [potion
                  | of mutation]
162421 | Zig:26   | Gained mutation: You have a beak for a mouth. [potion of
                  | mutation]
162422 | Zig:26   | Lost mutation: You occasionally shout uncontrollably at
                  | your foes. [potion of mutation]
162422 | Zig:26   | Lost mutation: You have a pair of small horns on your head.
                  | [potion of mutation]
162422 | Zig:26   | Lost mutation: Your muscles are strong. (Str +2) [potion of
                  | mutation]
162422 | Zig:26   | Gained mutation: Your spells are a little harder to cast,
                  | but a little more powerful. [potion of mutation]
162422 | Zig:26   | Gained mutation: You are surrounded by a mild repulsion
                  | field. (EV +2) [potion of mutation]
162423 | Zig:26   | Lost mutation: Your spells are a little harder to cast, but
                  | a little more powerful. [potion of mutation]
162423 | Zig:26   | Lost mutation: You have a beak for a mouth. [potion of
                  | mutation]
162423 | Zig:26   | Gained mutation: You are partially covered in molten
                  | scales. (AC +2) [potion of mutation]
162423 | Zig:26   | Gained mutation: You are weak. (Str -2) [potion of
                  | mutation]
162423 | Zig:26   | Gained mutation: Scrolls take you a little longer to read.
                  | [potion of mutation]
162423 | Zig:26   | Gained mutation: You are mostly covered in molten scales.
                  | (AC +3) [potion of mutation]
162424 | Zig:26   | Lost mutation: You are weak. (Str -2) [potion of mutation]
162424 | Zig:26   | Lost mutation: Scrolls take you a little longer to read.
                  | [potion of mutation]
162424 | Zig:26   | Lost mutation: You are mostly covered in molten scales. (AC
                  | +3) [potion of mutation]
162424 | Zig:26   | Gained mutation: You have sharp toenails. [potion of
                  | mutation]
162424 | Zig:26   | Gained mutation: You can translocate small distances at
                  | will. [potion of mutation]
162424 | Zig:26   | Gained mutation: You are robust. (+10% HP) [potion of
                  | mutation]
162434 | Zig:27   | Entered Level 27 of a ziggurat
162471 | Zig:27   | Noticed Yvahuhoo the pandemonium lord
162482 | Zig:27   | Killed Yvahuhoo the pandemonium lord
162484 | Zig:27   | Noticed Uzxutt the pandemonium lord
162484 | Zig:27   | Noticed Gienoe the pandemonium lord
162484 | Zig:27   | Noticed Qivet the pandemonium lord
162485 | Zig:27   | Noticed Vuggaamuma the pandemonium lord
162485 | Zig:27   | Noticed Geotomenn the pandemonium lord
162486 | Zig:27   | Noticed Nagax the pandemonium lord
162487 | Zig:27   | Noticed Zaneesom the pandemonium lord
162487 | Zig:27   | Noticed Acralit the pandemonium lord
162489 | Zig:27   | Noticed Poawi the pandemonium lord
162490 | Zig:27   | Identified the +0 tower shield "Nolusch" {SInv Stlth+}
162490 | Zig:27   | Noticed Wuagropp the pandemonium lord
162491 | Zig:27   | Noticed Nelinog the pandemonium lord
162493 | Zig:27   | Noticed Bomu the pandemonium lord
162494 | Zig:27   | Noticed Ifohorall the pandemonium lord
162498 | Zig:27   | Killed Gienoe the pandemonium lord
162498 | Zig:27   | Killed Uzxutt the pandemonium lord
162498 | Zig:27   | Killed Qivet the pandemonium lord
162499 | Zig:27   | Killed Zaneesom the pandemonium lord
162499 | Zig:27   | Noticed Ihouk the pandemonium lord
162503 | Zig:27   | Killed Bomu the pandemonium lord
162504 | Zig:27   | Noticed Junoicsoa the pandemonium lord
162505 | Zig:27   | Killed Wuagropp the pandemonium lord
162506 | Zig:27   | Killed Acralit the pandemonium lord
162506 | Zig:27   | Killed Nelinog the pandemonium lord
162508 | Zig:27   | Killed Geotomenn the pandemonium lord
162510 | Zig:27   | Killed Poawi the pandemonium lord
162511 | Zig:27   | Killed Ihouk the pandemonium lord
162511 | Zig:27   | Noticed Umus the pandemonium lord
162513 | Zig:27   | Noticed Veshrautz the pandemonium lord
162513 | Zig:27   | Killed Nagax the pandemonium lord
162515 | Zig:27   | Killed Ifohorall the pandemonium lord
162517 | Zig:27   | Killed Vuggaamuma the pandemonium lord
162518 | Zig:27   | Reached skill level 15 in Conjurations
162518 | Zig:27   | Killed Junoicsoa the pandemonium lord
162522 | Zig:27   | Noticed Wefidd the pandemonium lord
162524 | Zig:27   | Killed Umus the pandemonium lord
162528 | Zig:27   | Noticed Qorod the pandemonium lord
162531 | Zig:27   | Killed Veshrautz the pandemonium lord
162535 | Zig:27   | Killed Wefidd the pandemonium lord
162551 | Zig:27   | Killed Qorod the pandemonium lord
162634 | Zig:27   | Noticed Cehuis the pandemonium lord
162647 | Zig:27   | Killed Cehuis the pandemonium lord
162739 | Zig:27   | Identified the Grimoire of Noxious Conjuration
163246 | D:10     | Noticed Fanwaq the pandemonium lord
163259 | D:10     | Killed Fanwaq the pandemonium lord
163263 | D:10     | Reached skill level 10 in Hexes
163558 | D:$      | Escaped with the Orb!

Illustrated notes

Levels and vault maps discovered:
D:1:      nicolae_arrival_washed_ashore, layout_basic, serial_co_window_serial,
          co_window_paths_a, co_window_of_opportunity_a,
          co_window_of_opportunity_a, co_window_paths_b, co_window_corner_a,
          co_window_2corner, co_window_broadway_c, co_window_unsneaky_path_c,
          glass_columns_b, glass_columns_c, glass_columns_b, glass_columns_b,
          chequers_serial_rivers_large_b
D:2:      layout_loops_ring, nicolae_dithmenos_through_a_glass_darkly
D:3:      layout_basic, tgw_sif, grunt_gozag_breadcrumbs, lemuel_doored_altar
D:4:      gammafunk_steamed_eel, layout_rooms,
          minmay_temple_entry_statues_fountains, nrook_campfire, uniq_grinder
D:5:      minmay_evil_eye, layout_basic, st_stairs_11, minivault_5, hex_tiny,
          hangedman_glass_garden, bh_walls_and_bars
D:6:      corexii_shack_village, layout_loops_corners, serial_shops, shop,
          uniq_menkaure
D:7:      cheibrodos_barr_body, layout_loops_ring, fedhas_altar_1,
          gammafunk_ghost_mausoleum, uniq_crazy_yiuf_cottage
D:8:      minmay_separated_statues, layout_loops_corners
D:9:      layout_rooms, grunt_lair_entry_orc_guard_hut, serial_shops,
          kennysheep_mini
D:10:     layout_loops_ring, ebering_ghost_xom, minmay_misc_feat_nine_boxes
D:11:     layout_big_octagon, gauntlet_entry_generic, basic_altar
D:12:     layout_rooms, zombieorc2_lemuel, wad_dig_loot
D:13:     layout_irregular_city, basic_altar, serial_shops,
          nicolae_shop_behind_doors, feat_on_display
D:14:     layout_rooms, lightli_vaults_fourway_checkpoint,
          minmay_misc_feat_rows, hangedman_tell_no_tales
D:15:     hangedman_depths_entry_civil_slaughter, layout_cave_pools,
          minmay_crystal_room, serial_shops,
          nicolae_shop_temple_entry_statues_fountains
Temple:   dpeg_five_rooms_temple
Lair:1:   lemuel_slime, layout_gridlike, ebering_ghost_inner_flame, uniq_joseph
Lair:2:   layout_concentric_octagons, minmay_shoals_entry_centaurs
Lair:3:   layout_long_grid, spider_nest_entry_rubble, grunt_megastairs_3
Lair:4:   layout_gridlike, minmay_holes, uniq_nessos
Lair:5:   layout_cave_shapes, dpeg_slime_entry_enclosed_altar,
          gammafunk_ghost_cemetery, grunt_megastairs_5
Lair:6:   evilmike_catoblepas_cave, layout_loops_ring, uniq_rupert
Shoals:1: layout_shoals, uniq_roxanne
Shoals:2: layout_shoals, nicolae_shoals_aquamancer_cove
Shoals:3: layout_shoals, nicolae_shoals_water_shrine
Shoals:4: shoals_end_simple, layout_shoals, nzn_prometheus_bound
Spider:1: layout_spider_delve
Spider:2: layout_spider_delve, guppyfry_hornet_nest
Spider:3: layout_spider_delve, uniq_nikola
Spider:4: floodkiller_spider_rune_tomb, uniq_bai_suzhen
Slime:1:  layout_caves
Slime:2:  layout_caves
Slime:3:  layout_caves, nicolae_slime_welcoming_committee
Slime:4:  layout_caves
Slime:5:  uniq_dissolution
Orc:1:    layout_caves, enter_bailey_5, nicolae_volcano_entry_batcave,
          mines2_david
Orc:2:    st_orc_ogre_mass, layout_caves, basic_altar, mines2_david
Elf:1:    eino_elf_arrival_customs, layout_rooms, serial_shops, shop,
          evilmike_minifort, minivault_24
Elf:2:    layout_loops_cross, corexii_leaking_fountain
Elf:3:    elf_hall, layout_loops_cross, serial_shops, shop
Vaults:1: vaults_room_hallway, hangedman_vaults_stream, v_misc_27, v_rooms_4,
          vaults_room_glass_cross, v_misc_12, vaults_room_mumra_shop_pool,
          hangedman_vaults_stretched_pinwheel, v_misc_18, v_misc_16,
          v_alt_pattern_6, v_alt_pattern_4, nicolae_vaults_asterisk,
          vaults_dpeg_ring, layout_vaults_ring
Vaults:2: st_quartered_hall, v_misc_24, nicolae_vaults_little_squares_4,
          v_rooms_2, vaults_room_door_ring, minmay_crypt_entry_vampire_xt,
          dpeg_vaults_monster_box, grunt_vaults_funnel, nicolae_vaults_theta,
          ontoclasm_vaults_eye, layout_vaults_omnigrid, uniq_boris
Vaults:3: advil_vaults_ghost_guards, ontoclasm_vaults_bender, v_rooms_1,
          nicolae_vaults_inception_statues, vaults_mumra_hex,
          ontoclasm_vaults_pinch, nicolae_vaults_asterisk,
          hangedman_vaults_impose, nicolae_vaults_little_squares_1,
          nicolae_vaults_border_crossing, hangedman_vaults_restitches,
          ontoclasm_vaults_twist, ontoclasm_vaults_hangar,
          layout_vaults_big_cross
Vaults:4: nicolae_vaults_network_s, vaults_room_large_hall,
          nicolae_vaults_twisting_passages, ontoclasm_vaults_misaligned,
          hangedman_vaults_slice, nicolae_vaults_alarming,
          hangedman_vaults_nails, v_misc_26, v_misc_13,
          vaults_mumra_chevron_long, v_misc_15, layout_vaults_maze_bifur
Vaults:5
Crypt:1:  layout_regular_city, minivault_19, corexii_hall_statues_deadend,
          grunt_crypt_arrival_guarded_gate, uniq_margery
Crypt:2:  layout_regular_city, lemuel_mausoleum_altar_kikubaaqudgha,
          uniq_saint_roka
Crypt:3:  cryptofortress_bobbens
Tomb:1:   uniq_mennas
Tomb:2:   uniq_jory
Tomb:3
Depths:1: layout_cave_pools, pf_hell_entry_tar_spiral,
          nrook_kobold_shadow_demons
Depths:2: cross_vault, layout_honeycomb, serial_bayou_shore_b,
          hangedman_geh_valley, serial_sigils_hangedman_quiver
Depths:3: hangedman_crystal_crosses_colossus [crystal_crosses_arms_four,
          crystal_crosses_arms_four, crystal_crosses_arms_two,
          crystal_crosses_arms_one], hell_entry, pan_entry, abyss_entry,
          uniq_xtahua, uniq_aizul
Depths:4: minmay_the_grid_triangle_9x9_recursive_2
          [minmay_the_grid_triangle_9x9_prize_top_heavy,
          minmay_the_grid_triangle_9x9_sparse_checkered,
          minmay_the_grid_triangle_9x9_skeleton,
          minmay_the_grid_triangle_9x9_windchime], layout_cave_pools,
          abyss_entry_crystal, minmay_misc_feat_room, hangedman_coc_ice_floe
Depths:5: grunt_zot_entry_bicorn, layout_cave_pools, minmay_room_of_horrors,
          hell_entry, enter_trove_1, serial_shops, shop,
          serial_sigils_hangedman_snap, st_stairs_8
Hell
Dis:1:    layout_subdivisions
Dis:2:    layout_regular_city
Dis:3:    layout_gridville
Dis:4:    layout_regular_city
Dis:5:    layout_subdivisions
Dis:6:    layout_jigsaw
Dis:7:    dis_grunt_layers
Geh:1:    layout_gehenna_lava_caves, door_vault
Geh:2:    layout_gehenna_pools_triple
Geh:3:    layout_gehenna_pools_box
Geh:4:    layout_gehenna_pools_triple, minmay_fire_ice_demons
Geh:5:    layout_gehenna_lava_caves, lemuel_flamethrower_2
Geh:6:    layout_gehenna_lava_caves
Geh:7:    evilmike_geh
Coc:1:    layout_cocytus_water_paths, special_room [special_room_morgue]
Coc:2:    layout_ice_bergs
Coc:3:    layout_cocytus_water_paths
Coc:4:    layout_ice_bergs
Coc:5:    layout_cocytus_water_paths
Coc:6:    layout_cocytus_water_paths, lemuel_elevator
Coc:7:    coc_hangedman
Tar:1:    layout_cathedral_of_symmetry
Tar:2:    layout_cathedral_of_symmetry, evilmike_ambush
          [evilmike_ambush_outer_basic, evilmike_ambush_inner_pond],
          grunt_megastairs_4
Tar:3:    layout_honeycomb, nicolae_tar_cuneiform_two
Tar:4:    layout_catacombs
Tar:5:    layout_grid_maze
Tar:6:    layout_grid_maze
Tar:7:    tar_grunt_cathedral
Zot:1:    layout_gridlike, st_single_dragon_hoard_1, grunt_megastairs_2
Zot:2:    layout_misc_corridors, st_single_dragon_hoard_2
Zot:3:    layout_twisted_circle
Zot:4:    layout_misc_corridors, st_stairs_13
Zot:5:    layout_gridville, st_stairs_9

Skill      XL: |  1  2  3  4  5  6  7  8  9 10 11 12 13 14 15 16 17 18 19 20 21 22 23 24 25 26 27 |
---------------+----------------------------------------------------------------------------------+-----
Shields        | 4 5 6 8 9 10 11 12 13 15 16 17 18 19 20 21 22 23 27 | 27.0
Armour         | 4 5 6 8 9 10 11 12 13 14 15 16 17 18 19 21 22 23 24 27 | 27.0
Fighting       | 4 5 6 8 9 10 11 12 13 14 15 16 17 18 19 20 21 22 27 | 27.0
Maces & Flails | 3 4 5 7 8 9 10 11 12 13 14 15 16 17 18 23 | 23.4
Invocations    | 3 6 7 8 9 10 11 27 | 27.0
Evocations     | 2 3 5 7 8 9 27 | 27.0
Spellcasting   | 4 6 10 | 10.0
Dodging        | 3 6 7 9 10 27 | 27.0
Axes           | 24 | 24.2
Earth Magic    | 27 | 27.0
Transmutations | 13 | 13.4
Hexes          | 10 | 10.2
Translocations | 20 | 20.4
Summonings     | 21 | 21.2
Fire Magic     | 18 | 18.4
Polearms       | 3 |  3.6
Conjurations   | 16 | 16.7

Action                   |  1- 3 |  4- 6 |  7- 9 | 10-12 | 13-15 | 16-18 | 19-21 | 22-24 | 25-27 || total
-------------------------+-------+-------+-------+-------+-------+-------+-------+-------+-------++-------
Melee: Flail             |   121 |   328 |   145 |       |       |   356 |       |       |       ||   950
       Whip              |       |       |   321 |   932 |       |       |       |       |       ||  1253
       Mace              |       |       |       |   160 |       |       |       |       |       ||   160
       War axe           |       |       |       |    24 |   407 |       |       |       |       ||   431
       Double sword      |       |       |       |       |   316 |       |       |       |       ||   316
       Eveningstar       |       |       |       |       |   426 |  1607 |  1892 |  1033 |   698 ||  5656
       Sacred scourge    |       |       |       |       |       |       |       |       |  6646 ||  6646
       Broad axe         |       |       |       |       |       |       |       |       | 11359 || 11359
       Trishula          |       |       |       |       |       |       |       |       |    14 ||    14
Throw: Javelin           |       |       |       |       |       |       |       |     8 |     1 ||     9
 Cast: Summon Forest     |       |       |       |       |       |       |       |       |    15 ||    15
       Wereblood         |       |       |       |       |       |       |       |       |    14 ||    14
       Passwall          |       |       |       |       |       |       |       |       |     1 ||     1
Invok: Heroism           |       |       |       |    12 |     6 |    10 |     7 |     1 |       ||    36
       Finesse           |       |       |       |     5 |       |     4 |     5 |     1 |       ||    15
       Divine Shield     |       |       |       |       |       |       |       |     4 |    53 ||    57
       Cleansing Flame   |       |       |       |       |       |       |       |     5 |   233 ||   238
       Brand Weapon With |       |       |       |       |       |       |       |       |     1 ||     1
       Summon Divine War |       |       |       |       |       |       |       |       |    65 ||    65
 Abil: Fly               |       |       |       |       |     1 |       |       |       |     2 ||     3
       Evoke Blink       |       |       |       |       |       |       |       |     2 |     3 ||     5
       Stop Flying       |       |       |       |       |       |       |       |     1 |     1 ||     2
       Blink             |       |       |       |       |       |       |       |       |     1 ||     1
Evoke: Wand              |       |       |     5 |       |       |     4 |       |     1 |    16 ||    26
       Phial of floods   |       |       |       |     1 |       |     1 |       |       |     5 ||     7
       Tin of tremorston |       |       |       |       |       |     1 |       |     4 |    13 ||    18
       Lightning rod     |       |       |       |       |       |       |       |     4 |     1 ||     5
       Box of beasts     |       |       |       |       |       |       |       |       |     7 ||     7
       Figurine of a zig |       |       |       |       |       |       |       |       |     1 ||     1
       Phantom mirror    |       |       |       |       |       |       |       |       |     1 ||     1
  Use: Potion            |       |       |     1 |     6 |       |     1 |     1 |    13 |   109 ||   131
       Scroll            |       |       |     4 |    13 |     4 |     7 |     9 |    28 |   131 ||   196
 Stab: Sleeping          |       |       |       |       |     1 |       |       |       |       ||     1
Armor: Scale mail        |    52 |    44 |       |   105 |       |       |       |       |       ||   201
       Plate armour      |       |   193 |   227 |   208 |   659 |  1487 |   712 |   381 |   487 ||  4354
       Acid dragon scale |       |       |       |   140 |    51 |       |       |       |       ||   191
       Gold dragon scale |       |       |       |       |       |       |       |       |  2441 ||  2441
       Quicksilver drago |       |       |       |       |       |       |       |       |     3 ||     3
Dodge: Dodged            |    35 |    78 |    54 |   209 |   300 |   551 |   239 |   140 |  2823 ||  4429
Block: Kite shield       |    73 |   191 |   178 |   564 |  1275 |  2030 |       |       |       ||  4311
       Reflection        |       |       |       |     1 |    41 |    46 |   100 |   150 |   472 ||   810
       Tower shield      |       |       |       |       |       |   399 |  2096 |  1267 | 17963 || 21725
       Rpst.: Double sword |       |       |       |       |    30 |       |       |       |       ||    30
